Workbook

Sheet Ingles Stores
A1: Ingles Core Supermarket Property Data
A2: Address | B2: Link | C2: Image | D2: Rating /5 | E2: Renovated y/n | F2: Gas Station y/n | G2: Carwash y/n | H2: Starbucks y/n | I2: Acres | J2: Improved Square Feet | K2: Market Appraisal | L2: Land value | M2: Appraised Value/Acre | N2: Year Built/Acquired | O2: Depreciation Rate Yrs | P2: Depreciated % | Q2: Market Appr. Sub-Land | R2: Improved Depreciated | S2: Improved less Depr. | T2: Net Improved + Land | U2: Population | V2: Notes
A3: 917 Decator Pike Athens, TN 37303 | B3: Link | C3: Link | D3: 4.4 | E3: y | F3: y | G3: n | H3: y | I3: Not Owned | J3: Not Owned | K3: Not Owned | L3: Not Owned | M3: Not Owned | N3: Not Owned | O3: Not Owned | P3: Not Owned | Q3: Not Owned | R3: Not Owned | S3: Not Owned | T3: Not Owned | U3: 14371 | V3: Link (property brochure)
A4: 904 South Main St Sweetwater, TN 37874 | B4: Link | C4: Link | D4: 4.4 | E4: n | F4: n | G4: n | H4: n | I4: 4.05 | J4: 42749 | K4: 2475200 | L4: 753700 | M4: =K4/I4 -> 611160.49 | N4: 1993 | O4: =N4-2023 -> -30 | P4: =O4/30 -> -1 | Q4: =K4-L4 -> 1721500 | R4: =Q4*P4 -> -1721500 | S4: =R4+Q4 -> 0 | T4: =S4+L4 -> 753700 | U4: 6451
A5: 7466 Oak Ridge Hwy Knoxville, TN 37931 | B5: Link | C5: Link | D5: 4.3 | E5: n | F5: y | G5: n | H5: y | I5: 13.09 | J5: ND | K5: 5669600 | L5: 901247 | M5: =K5/I5 -> 433124.52 | N5: 2001 | O5: =N5-2023 -> -22 | P5: =O5/30 -> -0.73333333 | Q5: =K5-L5 -> 4768353 | R5: =Q5*P5 -> -3496792.2 | S5: =R5+Q5 -> 1271560.8 | T5: =S5+L5 -> 2172807.8 | U5: 195889
A6: 404 Hwy 321 N, Unit 1 Lenoir City, TN 37771 | B6: Link | C6: Link | D6: 4.4 | E6: y | F6: n | G6: n | H6: y | I6: 12.03 | J6: 72129 | K6: 10959400 | L6: 1474600 | M6: =K6/I6 -> 911005.82 | N6: 2016 | O6: =N6-2023 -> -7 | P6: =O6/30 -> -0.23333333 | Q6: =K6-L6 -> 9484800 | R6: =Q6*P6 -> -2213120 | S6: =R6+Q6 -> 7271680 | T6: =S6+L6 -> 8746280 | U6: 11292
A7: 11847 Kingston Pike Farragut, TN 37934 | B7: Link | C7: Link | D7: 4.4 | E7: y | F7: y | G7: y | H7: y | I7: 19.71 | J7: 44800 | K7: 12862500 | L7: 3252150 | M7: =K7/I7 -> 652587.52 | N7: 1983 | O7: =N7-2023 -> -40 | P7: -1 | Q7: =K7-L7 -> 9610350 | R7: =Q7*P7 -> -9610350 | S7: =R7+Q7 -> 0 | T7: =S7+L7 -> 3252150 | U7: 24817
A8: 430 Emory Rd Powell, TN 37849 | B8: Link | C8: Link | D8: 4.4 | E8: y | F8: y | G8: n | H8: y | I8: 42.68 | J8: 36839 | K8: 10499800 | L8: 4880260 | M8: =K8/I8 -> 246012.18 | N8: 1996 | O8: =N8-2023 -> -27 | P8: =O8/30 -> -0.9 | Q8: =K8-L8 -> 5619540 | R8: =Q8*P8 -> -5057586 | S8: =R8+Q8 -> 561954 | T8: =S8+L8 -> 5442214 | U8: 13802
A9: 962 G.I. Maddox Pkwy. Chatsworth, GA 30705 | B9: Link | C9: Link | D9: 4.5 | E9: y | F9: y | G9: n | H9: y | I9: 18.63 | J9: ND | K9: 3677000 | L9: 719900 | M9: =K9/I9 -> 197369.83 | N9: 2003 | O9: =N9-2023 -> -20 | P9: =O9/30 -> -0.66666667 | Q9: =K9-L9 -> 2957100 | R9: =Q9*P9 -> -1971400 | S9: =R9+Q9 -> 985700 | T9: =S9+L9 -> 1705600 | U9: 4871
A10: 3980 W Andrew Johnson Hwy Morristown, TN 37814 | B10: Link | C10: Link | D10: 4.4 | E10: y | F10: y | G10: n | H10: y | I10: 38.51 | J10: 64439 | K10: 7570100 | L10: 3574500 | M10: =K10/I10 -> 196574.92 | N10: 1996 | O10: =N10-2023 -> -27 | P10: =O10/30 -> -0.9 | Q10: =K10-L10 -> 3995600 | R10: =Q10*P10 -> -3596040 | S10: =R10+Q10 -> 399560 | T10: =S10+L10 -> 3974060 | U10: 31425 | V10: Image of comps, huge store/land; 38.5 acres, 64,439 sqft. 31.4K pop (10%+~ >2008)
A11: 5679 Appalachian Hwy Blue Ridge, GA 30513 | B11: Link | C11: Link | D11: 4.4 | E11: y | F11: y | G11: n | H11: y | I11: 14.06 | J11: 80284 | K11: 10293839 | L11: 888596 | M11: =K11/I11 -> 732136.49 | N11: 2007 | O11: =N11-2023 -> -16 | P11: =O11/30 -> -0.53333333 | Q11: =K11-L11 -> 9405243 | R11: =Q11*P11 -> -5016129.6 | S11: =R11+Q11 -> 4389113.4 | T11: =S11+L11 -> 5277709.4 | U11: 1226
A12: 100 Old Orchard Sq Ellijay, GA 30540 | B12: Link | C12: Link | D12: 4.5 | E12: y | F12: n | G12: n | H12: y | I12: Not Owned | J12: ND | K12: Not Owned | L12: Not Owned | M12: Not Owned | N12: Not Owned | O12: Not Owned | P12: Not Owned | Q12: Not Owned | R12: Not Owned | S12: Not Owned | T12: Not Owned | U12: 1927
A13: 2060 Hwy 19 Murphy, NC 28906 | B13: Link | C13: Link | D13: 4.4 | E13: y | F13: n | G13: n | H13: y | I13: 1 | J13: ND | K13: 4881910 | L13: 3rd party borked | M13: =K13/I13 -> 4881910 | N13: No data | O13: No data | P13: No data | Q13: No data | R13: No data | S13: No data | T13: No data | U13: 1639
A14: 100 Nathan Dean Bypass, Rockmart, GA 30153 | B14: Link | C14: Link | D14: 4.3 | E14: n | F14: n | G14: n | H14: n | I14: 8.18 | J14: 44653 | K14: 2696863 | L14: 543684 | M14: =K14/I14 -> 329689.85 | N14: 1994 | O14: =N14-2023 -> -29 | P14: =O14/30 -> -0.96666667 | Q14: =K14-L14 -> 2153179 | R14: =Q14*P14 -> -2081406.4 | S14: =R14+Q14 -> 71772.633 | T14: =S14+L14 -> 615456.63 | U14: 5249
A15: 879 Joe Frank Harris Pkwy Cartersville, GA 30120 | B15: Link | C15: Link | D15: 4.4 | E15: y | F15: y | G15: n | H15: y | I15: 10.88 | J15: ND | K15: 12350000 | L15: 997556 | M15: =K15/I15 -> 1135110.3 | N15: 1983 | O15: =N15-2023 -> -40 | P15: -1 | Q15: =K15-L15 -> 11352444 | R15: =Q15*P15 -> -11352444 | S15: =R15+Q15 -> 0 | T15: =S15+L15 -> 997556 | U15: 23904
A16: 825 West Avenue W. Cartersville, GA 30120 | B16: Link | C16: Link | D16: 4.4 | E16: y | F16: y | G16: n | H16: y | I16: 18.97 | J16: 67579 | K16: 11521554 | L16: 5746250 | M16: =K16/I16 -> 607356.56 | N16: 2000 | O16: =N16-2023 -> -23 | P16: =O16/30 -> -0.76666667 | Q16: =K16-L16 -> 5775304 | R16: =Q16*P16 -> -4427733.1 | S16: =R16+Q16 -> 1347570.9 | T16: =S16+L16 -> 7093820.9 | U16: 23904
A17: 1449 West Church St Jasper, GA 30143 | B17: Link | C17: Link | D17: 4.5 | E17: n | F17: y | G17: n | H17: y | I17: 6.34 | J17: 82500 | K17: 5345117 | L17: 570000 | M17: =K17/I17 -> 843078.39 | N17: 2002 | O17: =N17-2023 -> -21 | P17: =O17/30 -> -0.7 | Q17: =K17-L17 -> 4775117 | R17: =Q17*P17 -> -3342581.9 | S17: =R17+Q17 -> 1432535.1 | T17: =S17+L17 -> 2002535.1 | U17: 4520
A18: 2845 E Andrew Johnson Hwy Greeneville, TN 37745 | B18: Link | C18: Link | D18: 4.5 | E18: n | F18: y | G18: n | H18: y | I18: 11.63 | J18: 76554 | K18: 9218800 | L18: 1831600 | M18: =K18/I18 -> 792674.12 | N18: 2016 | O18: =N18-2023 -> -7 | P18: =O18/30 -> -0.23333333 | Q18: =K18-L18 -> 7387200 | R18: =Q18*P18 -> -1723680 | S18: =R18+Q18 -> 5663520 | T18: =S18+L18 -> 7495120 | U18: 15614 | V18: Sqft breakdown: Grocery store (70,352), Strip mall (6,202)
A19: 4345 Fort Henry Dr Kingsport, TN 37663 | B19: Link | C19: Link | D19: 4.4 | E19: y | F19: y | G19: n | H19: y | I19: 14.28 | J19: 55504 | K19: =4247400 -> 4247400 | L19: 1312700 | M19: =K19/I19 -> 297436.97 | N19: 1996 | O19: =N19-2023 -> -27 | P19: =O19/30 -> -0.9 | Q19: =K19-L19 -> 2934700 | R19: =Q19*P19 -> -2641230 | S19: =R19+Q19 -> 293470 | T19: =S19+L19 -> 1606170 | U19: 56150
A20: 230 Hwy 64 East Hayesville, NC 28904 | B20: Link | C20: Link | D20: 4.4 | E20: y | F20: y | G20: n | H20: y | I20: 9.64 | J20: ND | K20: 7743700 | L20: 1374000 | M20: =K20/I20 -> 803288.38 | N20: 2016 | O20: =N20-2023 -> -7 | P20: =O20/30 -> -0.23333333 | Q20: =K20-L20 -> 6369700 | R20: =Q20*P20 -> -1486263.3 | S20: =R20+Q20 -> 4883436.7 | T20: =S20+L20 -> 6257436.7 | U20: 629
A21: 207B Hwy 515 Blairsville, GA 30512 | B21: Link | C21: Link | D21: 4.5 | E21: y | F21: y | G21: n | H21: y | I21: 7.65 | J21: 109127 | K21: 11069900 | L21: 1895665 | M21: =K21/I21 -> 1447045.8 | N21: 2010 | O21: =N21-2023 -> -13 | P21: =O21/30 -> -0.43333333 | Q21: =K21-L21 -> 9174235 | R21: =Q21*P21 -> -3975501.8 | S21: =R21+Q21 -> 5198733.2 | T21: =S21+L21 -> 7094398.2 | U21: 760
A22: 2865 Music Mill Road Bremen, GA 30110 | B22: Link | C22: Link | D22: 4.5 | E22: y | F22: y | G22: n | H22: y | I22: 12.85 | J22: 86316 | K22: 7392097 | L22: 1891672 | M22: =K22/I22 -> 575260.47 | N22: 2008 | O22: =N22-2023 -> -15 | P22: =O22/30 -> -0.5 | Q22: =K22-L22 -> 5500425 | R22: =Q22*P22 -> -2750212.5 | S22: =R22+Q22 -> 2750212.5 | T22: =S22+L22 -> 4641884.5 | U22: 7746
A23: 5055 Cherokee Street Acworth, GA 30101 | B23: Link | C23: Link | D23: 4.3 | E23: y | F23: n | G23: n | H23: n | I23: 15.376 | J23: ND | K23: 6193500 | L23: 3956680 | M23: =K23/I23 -> 402803.07 | N23: 1997 | O23: =N23-2023 -> -26 | P23: =O23/30 -> -0.86666667 | Q23: =K23-L23 -> 2236820 | R23: =Q23*P23 -> -1938577.3 | S23: =R23+Q23 -> 298242.67 | T23: =S23+L23 -> 4254922.7 | U23: 22276
A24: 488 Carrolton St Temple, GA 30179 | B24: Link | C24: Link | D24: 4.4 | E24: y | F24: y | G24: n | H24: y | I24: 11.21 | J24: 83083 | K24: 13558458 | L24: 1208801 | M24: =K24/I24 -> 1209496.7 | N24: 2008 | O24: =N24-2023 -> -15 | P24: =O24/30 -> -0.5 | Q24: =K24-L24 -> 12349657 | R24: =Q24*P24 -> -6174828.5 | S24: =R24+Q24 -> 6174828.5 | T24: =S24+L24 -> 7383629.5 | U24: 6274 | V24: Competing store, population 6,200 (+50%~ >2008)
A25: 104 Riverstone Pkwy Canton, GA 30114 | B25: Link | C25: Link | D25: 4.4 | E25: n | F25: y | G25: n | H25: n | I25: Not Owned | J25: Not Owned | K25: Not Owned | L25: Not Owned | M25: Not Owned | N25: Not Owned | O25: Not Owned | P25: Not Owned | Q25: Not Owned | R25: Not Owned | S25: Not Owned | T25: Not Owned | U25: 35809
A26: 1200 W Jackson Blvd Jonesborough, TN 37659 | B26: Link | C26: Link | D26: 4.4 | E26: y | F26: y | G26: n | H26: y | I26: 15.37 | J26: 58642 | K26: 5064900 | L26: 1726500 | M26: =K26/I26 -> 329531.55 | N26: 1997 | O26: =N26-2023 -> -26 | P26: =O26/30 -> -0.86666667 | Q26: =K26-L26 -> 3338400 | R26: =Q26*P26 -> -2893280 | S26: =R26+Q26 -> 445120 | T26: =S26+L26 -> 2171620 | U26: 6172
A27: 4470 N. Roan Street Johnson City, TN 37615 | B27: Link | C27: Link | D27: 4.4 | E27: y | F27: y | G27: n | H27: y | I27: 24.6 | J27: 69929 | K27: 6200000 | L27: 1850700 | M27: =K27/I27 -> 252032.52 | N27: 2000 | O27: =N27-2023 -> -23 | P27: =O27/30 -> -0.76666667 | Q27: =K27-L27 -> 4349300 | R27: =Q27*P27 -> -3334463.3 | S27: =R27+Q27 -> 1014836.7 | T27: =S27+L27 -> 2865536.7 | U27: 72514
A28: 270 Merchants Square Dr Dallas, GA 30132 | B28: Link | C28: Link | D28: 4.4 | E28: n | F28: n | G28: n | H28: y | I28: Not Owned | J28: Not Owned | K28: Not Owned | L28: Not Owned | M28: Not Owned | N28: Not Owned | O28: Not Owned | P28: Not Owned | Q28: Not Owned | R28: Not Owned | S28: Not Owned | T28: Not Owned | U28: 14763
A29: 94 N. Main Street Hiawassee, GA 30546 | B29: Link | C29: Link | D29: 4.4 | E29: y | F29: y | G29: n | H29: y | I29: 7.555 | J29: 56477 | K29: 3936675 | L29: 1510000 | M29: =K29/I29 -> 521068.83 | N29: 1997 | O29: =N29-2023 -> -26 | P29: =O29/30 -> -0.86666667 | Q29: =K29-L29 -> 2426675 | R29: =Q29*P29 -> -2103118.3 | S29: =R29+Q29 -> 323556.67 | T29: =S29+L29 -> 1833556.7 | U29: 1017
A30: 1124 N Park St Carrolton, GA 30117 | B30: Link | C30: Link | D30: 4.4 | E30: n | F30: n | G30: n | H30: n | I30: Not Owned | J30: Not Owned | K30: Not Owned | L30: Not Owned | M30: Not Owned | N30: Not Owned | O30: Not Owned | P30: Not Owned | Q30: Not Owned | R30: Not Owned | S30: Not Owned | T30: Not Owned | U30: 27262
A31: 1817 Dallas-Nebo Road Douglasville, GA 30134 | B31: Link | C31: Link | D31: 4.4 | E31: n | F31: y | G31: n | H31: n | I31: 19.44 | J31: 93169 | K31: 11579510 | L31: 2430000 | M31: =K31/I31 -> 595653.81 | N31: 2008 | O31: =N31-2023 -> -15 | P31: =O31/30 -> -0.5 | Q31: =K31-L31 -> 9149510 | R31: =Q31*P31 -> -4574755 | S31: =R31+Q31 -> 4574755 | T31: =S31+L31 -> 7004755 | U31: 37948
A32: 327 Holly Springs Plaza Franklin, NC 28734 | B32: Link | C32: Link | D32: 4.3 | E32: n | F32: y | G32: n | H32: y | I32: 19.92 | J32: ND | K32: 18709410 | L32: 3585600 | M32: =K32/I32 -> 939227.41 | N32: 2015 | O32: =N32-2023 -> -8 | P32: =O32/30 -> -0.26666667 | Q32: =K32-L32 -> 15123810 | R32: =Q32*P32 -> -4033016 | S32: =R32+Q32 -> 11090794 | T32: =S32+L32 -> 14676394 | U32: 4287
A33: 768 W. Elk Avenue Elizabethton, TN 37643 | B33: Link | C33: Link | D33: 4.5 | E33: y | F33: n | G33: n | H33: y | I33: 4.35 | J33: 61422 | K33: 3304300 | L33: 547900 | M33: =K33/I33 -> 759609.2 | N33: 1998 | O33: =N33-2023 -> -25 | P33: =O33/30 -> -0.83333333 | Q33: =K33-L33 -> 2756400 | R33: =Q33*P33 -> -2297000 | S33: =R33+Q33 -> 459400 | T33: =S33+L33 -> 1007300 | U33: 14244
A34: 1257 Georgia Rd Franklin, NC 28734 | B34: Link | C34: Link | D34: 4.5 | E34: n | F34: y | G34: n | H34: y | I34: 13.03 | J34: ND | K34: 17375220 | L34: 4281750 | M34: =K34/I34 -> 1333478.1 | N34: 2015 | O34: =N34-2023 -> -8 | P34: =O34/30 -> -0.26666667 | Q34: =K34-L34 -> 13093470 | R34: =Q34*P34 -> -3491592 | S34: =R34+Q34 -> 9601878 | T34: =S34+L34 -> 13883628 | U34: 4287
A35: 259 Barber Blvd Waynesville, NC 28786 | B35: Link | C35: Link | D35: 4.5 | E35: n | F35: y | G35: n | H35: y | I35: 19.779 | J35: ND | K35: 11424700 | L35: 3244500 | M35: =K35/I35 -> 577617.68 | N35: 2016 | O35: =N35-2023 -> -7 | P35: =O35/30 -> -0.23333333 | Q35: =K35-L35 -> 8180200 | R35: =Q35*P35 -> -1908713.3 | S35: =R35+Q35 -> 6271486.7 | T35: =S35+L35 -> 9515986.7 | U35: 10620
A36: 1668 Brown Ave, Waynesville, NC 28786 | B36: Link | C36: Link | D36: 4.5 | E36: n | F36: y | G36: n | H36: y | I36: 5.83 | J36: ND | K36: 7822100 | L36: 1275000 | M36: =K36/I36 -> 1341698.1 | N36: 2017 | O36: =N36-2023 -> -6 | P36: =O36/30 -> -0.2 | Q36: =K36-L36 -> 6547100 | R36: =Q36*P36 -> -1309420 | S36: =R36+Q36 -> 5237680 | T36: =S36+L36 -> 6512680 | U36: 10620
A37: 2334 Skyway Dr, Kannapolis, NC 28083 | B37: Link | C37: Link | D37: 4.5 | E37: y | F37: y | G37: n | H37: y | I37: 6.61 | J37: ND | K37: 4259159 | L37: 1472350 | M37: =K37/I37 -> 644350.83 | N37: 1999 | O37: =N37-2023 -> -24 | P37: =O37/30 -> -0.8 | Q37: =K37-L37 -> 2786809 | R37: =Q37*P37 -> -2229447.2 | S37: =R37+Q37 -> 557361.8 | T37: =S37+L37 -> 2029711.8 | U37: 796
A38: 118 S 400 Center Lane Dawsonville, GA 30534 | B38: Link | C38: Link | D38: 4.4 | E38: n | F38: n | G38: n | H38: n | I38: 6.28 | J38: 61919 | K38: 4473500 | L38: 1128000 | M38: =K38/I38 -> 712340.76 | N38: 1997 | O38: =N38-2023 -> -26 | P38: =O38/30 -> -0.86666667 | Q38: =K38-L38 -> 3345500 | R38: =Q38*P38 -> -2899433.3 | S38: =R38+Q38 -> 446066.67 | T38: =S38+L38 -> 1574066.7 | U38: 4489
A39: 1465 Champion Dr, Canton, NC 28716, USA | B39: Link | C39: Link | D39: 4.4 | E39: y | F39: y | G39: n | H39: y | I39: 10.5 | J39: ND | K39: 6983700 | L39: 1598500 | M39: =K39/I39 -> 665114.29 | N39: 1996 | O39: =N39-2023 -> -27 | P39: =O39/30 -> -0.9 | Q39: =K39-L39 -> 5385200 | R39: =Q39*P39 -> -4846680 | S39: =R39+Q39 -> 538520 | T39: =S39+L39 -> 2137020 | U39: 4401
A40: 55 Helen Hwy Cleveland, GA 30528 | B40: Link | C40: Link | D40: 4.5 | E40: y | F40: y | G40: n | H40: y | I40: 11.28 | J40: 51590 | K40: 3915945 | L40: 1071600 | M40: =K40/I40 -> 347158.24 | N40: 1996 | O40: =N40-2023 -> -27 | P40: =O40/30 -> -0.9 | Q40: =K40-L40 -> 2844345 | R40: =Q40*P40 -> -2559910.5 | S40: =R40+Q40 -> 284434.5 | T40: =S40+L40 -> 1356034.5 | U40: 3548
A41: 225 Carl Eller Road Mars Hill, NC 28754 | B41: Link | C41: Link | D41: 4.4 | E41: y | F41: y | G41: n | H41: y | I41: 10.2 | J41: ND | K41: 5187352 | L41: 1641486 | M41: =K41/I41 -> 508563.92 | N41: 2009 | O41: =N41-2023 -> -14 | P41: =O41/30 -> -0.46666667 | Q41: =K41-L41 -> 3545866 | R41: =Q41*P41 -> -1654737.5 | S41: =R41+Q41 -> 1891128.5 | T41: =S41+L41 -> 3532614.5 | U41: 2107
A42: 176 Hwy 441 North Clayton, GA 30525 | B42: Link | C42: Link | D42: 4.5 | E42: y | F42: y | G42: y | H42: y | I42: 25.35 | J42: 84341 | K42: 5878595 | L42: 2195360 | M42: =K42/I42 -> 231897.24 | N42: 2008 | O42: =N42-2023 -> -15 | P42: =O42/30 -> -0.5 | Q42: =K42-L42 -> 3683235 | R42: =Q42*P42 -> -1841617.5 | S42: =R42+Q42 -> 1841617.5 | T42: =S42+L42 -> 4036977.5 | U42: 2020
A43: 140 Weaver Blvd Weaverville, NC 28787 | B43: Link | C43: Link | D43: 4.3 | E43: y | F43: y | G43: y | H43: y | I43: 11.96 | J43: 98003 | K43: 8624600 | L43: 3588000 | M43: =K43/I43 -> 721120.4 | N43: 1996 | O43: =N43-2023 -> -27 | P43: =O43/30 -> -0.9 | Q43: =K43-L43 -> 5036600 | R43: =Q43*P43 -> -4532940 | S43: =R43+Q43 -> 503660 | T43: =S43+L43 -> 4091660 | U43: 4678
A44: 575 New Leicester Hwy, Asheville, NC 28806 | B44: Link | C44: Link | D44: 4.3 | E44: y | F44: y | G44: n | H44: y | I44: 8.77 | J44: ND | K44: 6345800 | L44: 1289300 | M44: =K44/I44 -> 723580.39 | N44: 1979 | O44: =N44-2023 -> -44 | P44: -1 | Q44: =K44-L44 -> 5056500 | R44: =Q44*P44 -> -5056500 | S44: =R44+Q44 -> 0 | T44: =S44+L44 -> 1289300 | U44: 93776
A45: 230 Highway 64 East Cashiers, NC 28717 | B45: Link | C45: Link | D45: 4.3 | E45: y | F45: n | G45: n | H45: y | I45: Not Owned | J45: Not Owned | K45: Not Owned | L45: Not Owned | M45: Not Owned | N45: Not Owned | O45: Not Owned | P45: Not Owned | Q45: Not Owned | R45: Not Owned | S45: Not Owned | T45: Not Owned | U45: 752
A46: 5075 Peachtree Parkway Peachtree Corners, GA 30092 | B46: Link | C46: Link | D46: 4.4 | E46: n | F46: n | G46: n | H46: n | I46: Not Owned | J46: Not Owned | K46: Not Owned | L46: Not Owned | M46: Not Owned | N46: Not Owned | O46: Not Owned | P46: Not Owned | Q46: Not Owned | R46: Not Owned | S46: Not Owned | T46: Not Owned | U46: 42133
A47: 153 Smokey Park Hwy Asheville, NC 28806 | B47: Link | C47: Link | D47: 3.3 | E47: n | F47: y | G47: n | H47: y | I47: 24.91 | J47: ND | K47: 16095180 | L47: 6510480 | M47: =K47/I47 -> 646133.28 | N47: 1974 | O47: =N47-2023 -> -49 | P47: -1 | Q47: =K47-L47 -> 9584700 | R47: =Q47*P47 -> -9584700 | S47: =R47+Q47 -> 0 | T47: =S47+L47 -> 6510480 | U47: 93776
A48: 915 Merrimon Avenue Asheville, NC 28804 | B48: Link | C48: Link | D48: 4.1 | E48: n | F48: y | G48: n | H48: y | I48: 6.21 | J48: 21136 | K48: 7379000 | L48: 5355400 | M48: =K48/I48 -> 1188244.8 | N48: 1988 | O48: =N48-2023 -> -35 | P48: -1 | Q48: =K48-L48 -> 2023600 | R48: =Q48*P48 -> -2023600 | S48: =R48+Q48 -> 0 | T48: =S48+L48 -> 5355400 | U48: 93776
A49: 199 East Louise Street Clarkesville, GA 30523 | B49: Link | C49: Link | D49: 4.4 | E49: y | F49: y | G49: n | H49: y | I49: 9.66 | J49: 70563 | K49: 5117230 | L49: 627900 | M49: =K49/I49 -> 529733.95 | N49: 2006 | O49: =N49-2023 -> -17 | P49: =O49/30 -> -0.56666667 | Q49: =K49-L49 -> 4489330 | R49: =Q49*P49 -> -2543953.7 | S49: =R49+Q49 -> 1945376.3 | T49: =S49+L49 -> 2573276.3 | U49: 2112
A50: 863 Brevard Rd Asheville, NC 28806 | B50: Link | C50: Link | D50: 4.4 | E50: n | F50: y | G50: y | H50: y | I50: 8.07 | J50: ND | K50: 10034000 | L50: 3514500 | M50: =K50/I50 -> 1243370.5 | N50: 2016 | O50: =N50-2023 -> -7 | P50: =O50/30 -> -0.23333333 | Q50: =K50-L50 -> 6519500 | R50: =Q50*P50 -> -1521216.7 | S50: =R50+Q50 -> 4998283.3 | T50: =S50+L50 -> 8512783.3 | U50: 93776
A51: 29 Tunnel Rd Asheville, NC 28805 | B51: Link | C51: Link | D51: 4.2 | E51: y | F51: y | G51: n | H51: y | I51: 7.43 | J51: 73664 | K51: 8594000 | L51: 3923000 | M51: =K51/I51 -> 1156662.2 | N51: 2007 | O51: =N51-2023 -> -16 | P51: =O51/30 -> -0.53333333 | Q51: =K51-L51 -> 4671000 | R51: =Q51*P51 -> -2491200 | S51: =R51+Q51 -> 2179800 | T51: =S51+L51 -> 6102800 | U51: 93776
A52: 199 Habersham County S/C Cornelia, GA 30531 | B52: Link | C52: Link | D52: 4.3 | E52: y | F52: y | G52: n | H52: y | I52: 19.95 | J52: 170484 | K52: 4632270 | L52: 1808970 | M52: =K52/I52 -> 232193.98 | N52: 1980 | O52: =N52-2023 -> -43 | P52: -1 | Q52: =K52-L52 -> 2823300 | R52: =Q52*P52 -> -2823300 | S52: =R52+Q52 -> 0 | T52: =S52+L52 -> 1808970 | U52: 5566
A53: 4260 Winder Hwy Flowery Branch, GA 30542 | B53: Link | C53: Link | D53: 4.5 | E53: n | F53: y | G53: y | H53: y | I53: 24.15 | J53: 86034 | K53: 10178000 | L53: 0 | M53: =K53/I53 -> 421449.28 | N53: 2008 | O53: =N53-2023 -> -15 | P53: =O53/30 -> -0.5 | Q53: =K53 -> 10178000 | R53: =Q53*P53 -> -5089000 | S53: =R53+Q53 -> 5089000 | T53: =S53+L53 -> 5089000 | U53: 10938
A54: 780 Hendersonville Rd Asheville, NC 28803 | B54: Link | C54: Link | D54: 4.1 | E54: n | F54: n | G54: n | H54: n | I54: 10.68 | J54: 146926 | K54: 7582000 | L54: 3275800 | M54: =K54/I54 -> 709925.09 | N54: 1964 | O54: =N54-2023 -> -59 | P54: -1 | Q54: =K54-L54 -> 4306200 | R54: =Q54*P54 -> -4306200 | S54: =R54+Q54 -> 0 | T54: =S54+L54 -> 3275800 | U54: 93776
A55: 1141 Tunnel Rd. Asheville, NC 28805 | B55: Link | C55: Link | D55: 4.2 | E55: y | F55: y | G55: y | H55: y | I55: 5.96 | J55: 83125 | K55: 3303000 | L55: 0 | M55: =K55/I55 -> 554194.63 | N55: 1978 | O55: =N55-2023 -> -45 | P55: -1 | Q55: =K55-L55 -> 3303000 | R55: =Q55*P55 -> -3303000 | S55: =R55+Q55 -> 0 | T55: =S55+L55 -> 0 | U55: 93776
A56: 1890 E. Main Street Hogansville, GA 30230 | B56: Link | C56: Link | D56: 4.1 | E56: y | F56: n | G56: n | H56: n | I56: 12.28 | J56: 53630 | K56: 3749800 | L56: 3749800 | M56: =K56/I56 -> 305358.31 | N56: 1995 | O56: =N56-2023 -> -28 | P56: =O56/30 -> -0.93333333 | Q56: =K56-L56 -> 0 | R56: =Q56*P56 -> 0 | S56: =R56+Q56 -> 0 | T56: =S56+L56 -> 3749800 | U56: 3251
A57: 301 Long Shoals Road Arden, NC 28704 | B57: Link | C57: Link | D57: 4.3 | E57: y | F57: y | G57: n | H57: y | I57: 5.74 | J57: 67735 | K57: 6651100 | L57: 1894200 | M57: =K57/I57 -> 1158728.2 | N57: 2004 | O57: =N57-2023 -> -19 | P57: =O57/30 -> -0.63333333 | Q57: =K57-L57 -> 4756900 | R57: =Q57*P57 -> -3012703.3 | S57: =R57+Q57 -> 1744196.7 | T57: =S57+L57 -> 3638396.7 | U57: 22404
A58: 1865 Hendersonville Rd. Asheville, NC 28803 | B58: Link | C58: Link | D58: 4.3 | E58: y | F58: y | G58: y | H58: y | I58: 14.02 | J58: 82632 | K58: 10046000 | L58: 3920600 | M58: =K58/I58 -> 716547.79 | N58: 2006 | O58: =N58-2023 -> -17 | P58: =O58/30 -> -0.56666667 | Q58: =K58-L58 -> 6125400 | R58: =Q58*P58 -> -3471060 | S58: =R58+Q58 -> 2654340 | T58: =S58+L58 -> 6574940 | U58: 93776
A59: 2299 US 70 Hwy Swannanoa, NC 28778 | B59: Link | C59: Link | D59: 4.3 | E59: y | F59: y | G59: y | H59: y | I59: 7.87 | J59: 68648 | K59: 5588100 | L59: 1079900 | M59: =K59/I59 -> 710050.83 | N59: 2000 | O59: =N59-2023 -> -23 | P59: =O59/30 -> -0.76666667 | Q59: =K59-L59 -> 4508200 | R59: =Q59*P59 -> -3456286.7 | S59: =R59+Q59 -> 1051913.3 | T59: =S59+L59 -> 2131813.3 | U59: 5338
A60: 955B Cranberry Street Newland, NC 28657 | B60: Link | C60: Link | D60: 4.2 | E60: n | F60: n | G60: n | H60: n | I60: 5.97 | J60: ND | K60: 2842300 | L60: 857600 | M60: =K60/I60 -> 476097.15 | N60: 1986 | O60: =N60-2023 -> -37 | P60: -1 | Q60: =K60-L60 -> 1984700 | R60: =Q60*P60 -> -1984700 | S60: =R60+Q60 -> 0 | T60: =S60+L60 -> 857600 | U60: 719
A61: 352 Airport Road Arden, NC 28704 | B61: Link | C61: Link | D61: 4.4 | E61: y | F61: y | G61: n | H61: y | I61: 6.71 | J61: 27500 | K61: 9739000 | L61: 3502100 | M61: =K61/I61 -> 1451415.8 | N61: 2020 | O61: =N61-2023 -> -3 | P61: =O61/30 -> -0.1 | Q61: =K61-L61 -> 6236900 | R61: =Q61*P61 -> -623690 | S61: =R61+Q61 -> 5613210 | T61: =S61+L61 -> 9115310 | U61: 22404
A62: 684 N Broad St Brevard, NC 28712 | B62: Link | C62: Link | D62: 4.4 | E62: y | F62: y | G62: y | H62: y | I62: 17.59 | J62: ND | K62: 10279760 | L62: 3535590 | M62: =K62/I62 -> 584409.32 | N62: 2001 | O62: =N62-2023 -> -22 | P62: =O62/30 -> -0.73333333 | Q62: =K62-L62 -> 6744170 | R62: =Q62*P62 -> -4945724.7 | S62: =R62+Q62 -> 1798445.3 | T62: =S62+L62 -> 5334035.3 | U62: 7818
A63: 3338 Boylston Hwy Mills River, NC 28759 | B63: Link | C63: Link | D63: 4.4 | E63: y | F63: y | G63: n | H63: y | I63: 14.22 | J63: ND | K63: 12687900 | L63: 4049600 | M63: =K63/I63 -> 892257.38 | N63: 2012 | O63: =N63-2023 -> -11 | P63: =O63/30 -> -0.36666667 | Q63: =K63-L63 -> 8638300 | R63: =Q63*P63 -> -3167376.7 | S63: =R63+Q63 -> 5470923.3 | T63: =S63+L63 -> 9520523.3 | U63: 7206
A64: 125 Greenwood Road Spruce Pine, NC 28777 | B64: Link | C64: Link | D64: 4.3 | E64: y | F64: y | G64: n | H64: y | I64: 4.47 | J64: ND | K64: 2713700 | L64: 401600 | M64: =K64/I64 -> 607091.72 | N64: 1992 | O64: =N64-2023 -> -31 | P64: -1 | Q64: =K64-L64 -> 2312100 | R64: =Q64*P64 -> -2312100 | S64: =R64+Q64 -> 0 | T64: =S64+L64 -> 401600 | U64: 2220
A65: 2901 Hendersonville Rd Fletcher, NC 28732 | B65: Link | C65: Link | D65: 4.3 | E65: y | F65: y | G65: n | H65: y | I65: Not Owned | J65: Not Owned | K65: Not Owned | L65: Not Owned | M65: Not Owned | N65: Not Owned | O65: Not Owned | P65: Not Owned | Q65: Not Owned | R65: Not Owned | S65: Not Owned | T65: Not Owned | U65: 8106
A66: 560 Hwy. # 9 Black Mountain, NC 28711 | B66: Link | C66: Link | D66: 4.3 | E66: y | F66: y | G66: y | H66: y | I66: 10.79 | J66: 96312 | K66: 10060100 | L66: 2947000 | M66: =K66/I66 -> 932354.03 | N66: 2008 | O66: =N66-2023 -> -15 | P66: =O66/30 -> -0.5 | Q66: =K66-L66 -> 7113100 | R66: =Q66*P66 -> -3556550 | S66: =R66+Q66 -> 3556550 | T66: =S66+L66 -> 6503550 | U66: 8502
A67: 6478 Brevard Rd, Etowah, NC 28729 | B67: Link | C67: Link | D67: 4.2 | E67: y | F67: n | G67: n | H67: n | I67: 7.39 | J67: 40940 | K67: 3612500 | L67: 2078400 | M67: =K67/I67 -> 488836.27 | N67: 1993 | O67: =N67-2023 -> -30 | P67: =O67/30 -> -1 | Q67: =K67-L67 -> 1534100 | R67: =Q67*P67 -> -1534100 | S67: =R67+Q67 -> 0 | T67: =S67+L67 -> 2078400 | U67: 7689
A68: 1197 Big A Rd Toccoa, GA 30577 | B68: Link | C68: Link | D68: 4.4 | E68: y | F68: y | G68: n | H68: y | I68: 10.14 | J68: 110958 | K68: 3297407 | L68: 488836 | M68: =K68/I68 -> 325188.07 | N68: 1987 | O68: =N68-2023 -> -36 | P68: -1 | Q68: =K68-L68 -> 2808571 | R68: =Q68*P68 -> -2808571 | S68: =R68+Q68 -> 0 | T68: =S68+L68 -> 488836 | U68: 9146
A69: 100 Fairview Rd Ellenwood, GA 30294 | B69: Link | C69: Link | D69: 4.4 | E69: n | F69: n | G69: n | H69: n | I69: 18.01 | J69: 63086 | K69: 4964200 | L69: 2363800 | M69: =K69/I69 -> 275635.76 | N69: 1996 | O69: =N69-2023 -> -27 | P69: =O69/30 -> -0.9 | Q69: =K69-L69 -> 2600400 | R69: =Q69*P69 -> -2340360 | S69: =R69+Q69 -> 260040 | T69: =S69+L69 -> 2623840 | U69: 47223
A70: 1502 Atlanta Hwy Auburn, GA 30011 | B70: Link | C70: Link | D70: 4.4 | E70: n | F70: y | G70: y | H70: n | I70: 20.81 | J70: 85753 | K70: 6400000 | L70: 322613 | M70: =K70/I70 -> 307544.45 | N70: 2006 | O70: =N70-2023 -> -17 | P70: =O70/30 -> -0.56666667 | Q70: =K70-L70 -> 6077387 | R70: =Q70*P70 -> -3443852.6 | S70: =R70+Q70 -> 2633534.4 | T70: =S70+L70 -> 2956147.4 | U70: 8865
A71: 2575 Hwy 105 Boone, NC 28607 | B71: Link | C71: Link | D71: 4.4 | E71: n | F71: n | G71: n | H71: n | I71: Not Owned | J71: Not Owned | K71: Not Owned | L71: Not Owned | M71: Not Owned | N71: Not Owned | O71: Not Owned | P71: Not Owned | Q71: Not Owned | R71: Not Owned | S71: Not Owned | T71: Not Owned | U71: 19756
A72: 180 Scenic Plaza Dr, West Union, SC 29696 | B72: Link | C72: Link | D72: 4.3 | E72: n | F72: n | G72: n | H72: y | I72: Not Owned | J72: Not Owned | K72: Not Owned | L72: Not Owned | M72: Not Owned | N72: Not Owned | O72: Not Owned | P72: Not Owned | Q72: Not Owned | R72: Not Owned | S72: Not Owned | T72: Not Owned | U72: 381
A73: 3701 Walt Stephens Rd Stockbridge, GA 30281 | B73: Link | C73: Link | D73: 4.5 | E73: n | F73: y | G73: n | H73: n | I73: 12.887 | J73: 88859 | K73: 7672500 | L73: 2255200 | M73: =K73/I73 -> 595367.42 | N73: 2010 | O73: =N73-2023 -> -13 | P73: =O73/30 -> -0.43333333 | Q73: =K73-L73 -> 5417300 | R73: =Q73*P73 -> -2347496.7 | S73: =R73+Q73 -> 3069803.3 | T73: =S73+L73 -> 5325003.3 | U73: 29064
A74: 1980 Asheville Hwy Hendersonville, NC 28739 | B74: Link | C74: Link | D74: 4.2 | E74: y | F74: y | G74: n | H74: y | I74: 12.1 | J74: ND | K74: 6610400 | L74: 2684600 | M74: =K74/I74 -> 546314.05 | N74: 2000 | O74: =N74-2023 -> -23 | P74: =O74/30 -> -0.76666667 | Q74: =K74-L74 -> 3925800 | R74: =Q74*P74 -> -3009780 | S74: =R74+Q74 -> 916020 | T74: =S74+L74 -> 3600620 | U74: 93776
A75: 30 Ashemont Dr, West Jefferson, NC 28694 | B75: Link | C75: Link | D75: 4.5 | E75: y | F75: y | G75: n | H75: y | I75: 7.06 | J75: 70859 | K75: 4343800 | L75: 1344900 | M75: =K75/I75 -> 615269.12 | N75: 1995 | O75: =N75-2023 -> -28 | P75: =O75/30 -> -0.93333333 | Q75: =K75-L75 -> 2998900 | R75: =Q75*P75 -> -2798973.3 | S75: =R75+Q75 -> 199926.67 | T75: =S75+L75 -> 1544826.7 | U75: 1339
A76: 3643 Howard Gap Road Hendersonville, NC 28792 | B76: Link | C76: Link | D76: 4.3 | E76: y | F76: y | G76: n | H76: y | I76: 15.21 | J76: ND | K76: 11418800 | L76: 6624000 | M76: =K76/I76 -> 750742.93 | N76: 1996 | O76: =N76-2023 -> -27 | P76: =O76/30 -> -0.9 | Q76: =K76-L76 -> 4794800 | R76: =Q76*P76 -> -4315320 | S76: =R76+Q76 -> 479480 | T76: =S76+L76 -> 7103480 | U76: 15321
A77: 625 Spartanburg Hwy Hendersonville, NC 28739 | B77: Link | C77: Link | D77: 4.3 | E77: n | F77: y | G77: n | H77: y | I77: 7.23 | J77: ND | K77: 10923300 | L77: 4604400 | M77: =K77/I77 -> 1510829.9 | N77: 2016 | O77: =N77-2023 -> -7 | P77: =O77/30 -> -0.23333333 | Q77: =K77-L77 -> 6318900 | R77: =Q77*P77 -> -1474410 | S77: =R77+Q77 -> 4844490 | T77: =S77+L77 -> 9448890 | U77: 15321
A78: 4565 Atlanta Highway Loganville, GA 30052 | B78: Link | C78: Link | D78: 4.5 | E78: n | F78: n | G78: n | H78: n | I78: 22.68 | J78: 62352 | K78: 5300000 | L78: 3258500 | M78: =K78/I78 -> 233686.07 | N78: 1996 | O78: =N78-2023 -> -27 | P78: =O78/30 -> -0.9 | Q78: =K78-L78 -> 2041500 | R78: =Q78*P78 -> -1837350 | S78: =R78+Q78 -> 204150 | T78: =S78+L78 -> 3462650 | U78: 15239
A79: 285 North Broad Street Winder, GA 30680 | B79: Link | C79: Link | D79: 4.4 | E79: y | F79: y | G79: n | H79: y | I79: 17.83 | J79: 84137 | K79: 7100000 | L79: 613969 | M79: =K79/I79 -> 398205.27 | N79: 2006 | O79: =N79-2023 -> -17 | P79: =O79/30 -> -0.56666667 | Q79: =K79-L79 -> 6486031 | R79: =Q79*P79 -> -3675417.6 | S79: =R79+Q79 -> 2810613.4 | T79: =S79+L79 -> 3424582.4 | U79: 19400
A80: 220 Highland Lake Rd Flat Rock, NC 28731 | B80: Link | C80: Link | D80: 4.3 | E80: y | F80: y | G80: y | H80: y | I80: 15.65 | J80: ND | K80: 8789200 | L80: 3135900 | M80: =K80/I80 -> 561610.22 | N80: 2010 | O80: =N80-2023 -> -13 | P80: =O80/30 -> -0.43333333 | Q80: =K80-L80 -> 5653300 | R80: =Q80*P80 -> -2449763.3 | S80: =R80+Q80 -> 3203536.7 | T80: =S80+L80 -> 6339436.7 | U80: 3532
A81: 625 W Henderson St Marion, NC 28752 | B81: Link | C81: Link | D81: 4.3 | E81: n | F81: y | G81: n | H81: y | I81: 12.86 | J81: ND | K81: 11530430 | L81: 2069640 | M81: =K81/I81 -> 896611.98 | N81: 2019 | O81: =N81-2023 -> -4 | P81: =O81/30 -> -0.13333333 | Q81: =K81-L81 -> 9460790 | R81: =Q81*P81 -> -1261438.7 | S81: =R81+Q81 -> 8199351.3 | T81: =S81+L81 -> 10268991 | U81: 7492
A82: 211 Ingles Place Seneca, SC 29678 | B82: Link | C82: Link | D82: 4.4 | E82: y | F82: y | G82: n | H82: y | I82: 7.79 | J82: 66945 | K82: 4118970 | L82: 749580 | M82: =K82/I82 -> 528750.96 | N82: 2001 | O82: =N82-2023 -> -22 | P82: =O82/30 -> -0.73333333 | Q82: =K82-L82 -> 3369390 | R82: =Q82*P82 -> -2470886 | S82: =R82+Q82 -> 898504 | T82: =S82+L82 -> 1648084 | U82: 8979
A83: 220 Hwy 334 Commerce, GA 30529 | B83: Link | C83: Link | D83: 4.3 | E83: y | F83: y | G83: n | H83: y | I83: 23.9 | J83: 84942 | K83: 6541400 | L83: 897600 | M83: =K83/I83 -> 273698.74 | N83: 2012 | O83: =N83-2023 -> -11 | P83: =O83/30 -> -0.36666667 | Q83: =K83-L83 -> 5643800 | R83: =Q83*P83 -> -2069393.3 | S83: =R83+Q83 -> 3574406.7 | T83: =S83+L83 -> 4472006.7 | U83: 7707
A84: 2455 Salem Road, SE Conyers, GA 30013 | B84: Link | C84: Link | D84: 4.3 | E84: n | F84: y | G84: n | H84: n | I84: Not Owned | J84: Not Owned | K84: Not Owned | L84: Not Owned | M84: Not Owned | N84: Not Owned | O84: Not Owned | P84: Not Owned | Q84: Not Owned | R84: Not Owned | S84: Not Owned | T84: Not Owned | U84: 17926
A85: 502-A Ann St, Pickens, SC 29671 | B85: Link | C85: Link | D85: 4.4 | E85: n | F85: n | G85: n | H85: y | I85: 12.4 | J85: ND | K85: 5722300 | L85: 343340 | M85: =K85/I85 -> 461475.81 | N85: 1985 | O85: =N85-2023 -> -38 | P85: -1 | Q85: =K85-L85 -> 5378960 | R85: =Q85*P85 -> -5378960 | S85: =R85+Q85 -> 0 | T85: =S85+L85 -> 343340 | U85: 3392
A86: 276 NC Hwy #9 Lake Lure, NC 28746 | B86: Link | C86: Link | D86: 4.4 | E86: y | F86: y | G86: n | H86: y | I86: 12.99 | J86: ND | K86: 4809900 | L86: 1691600 | M86: =K86/I86 -> 370277.14 | N86: 2005 | O86: =N86-2023 -> -18 | P86: =O86/30 -> -0.6 | Q86: =K86-L86 -> 3118300 | R86: =Q86*P86 -> -1870980 | S86: =R86+Q86 -> 1247320 | T86: =S86+L86 -> 2938920 | U86: 1376
A87: 11078 Millarden Road Woodbury, GA 30293 | B87: Link | C87: Link | D87: 4.4 | E87: y | F87: n | G87: n | H87: n | I87: 19.72 | J87: 56767 | K87: 1889400 | L87: 295800 | M87: =K87/I87 -> 95811.359 | N87: 1997 | O87: =N87-2023 -> -26 | P87: =O87/30 -> -0.86666667 | Q87: =K87-L87 -> 1593600 | R87: =Q87*P87 -> -1381120 | S87: =R87+Q87 -> 212480 | T87: =S87+L87 -> 508280 | U87: 900
A88: 854 Old Greenville Highway Clemson, SC 29631 | B88: Link | C88: Link | D88: 4.4 | E88: y | F88: y | G88: n | H88: y | I88: 11.75 | J88: 67898 | K88: 6137100 | L88: 368230 | M88: =K88/I88 -> 522306.38 | N88: 2006 | O88: =N88-2023 -> -17 | P88: =O88/30 -> -0.56666667 | Q88: =K88-L88 -> 5768870 | R88: =Q88*P88 -> -3269026.3 | S88: =R88+Q88 -> 2499843.7 | T88: =S88+L88 -> 2868073.7 | U88: 17843
A89: 429 E Main St, Liberty, SC 29657 | B89: Link | C89: Link | D89: 4.4 | E89: n | F89: y | G89: n | H89: y | I89: 26.95 | J89: ND | K89: 5072600 | L89: 304360 | M89: =K89/I89 -> 188222.63 | N89: 2003 | O89: =N89-2023 -> -20 | P89: =O89/30 -> -0.66666667 | Q89: =K89-L89 -> 4768240 | R89: =Q89*P89 -> -3178826.7 | S89: =R89+Q89 -> 1589413.3 | T89: =S89+L89 -> 1893773.3 | U89: 3299
A90: 1735 Zebulon Rd Griffin, GA 20224 | B90: Link | C90: Link | D90: 4.3 | E90: y | F90: y | G90: n | H90: y | I90: 28.3 | J90: 61091 | K90: 6485600 | L90: 1363000 | M90: =K90/I90 -> 229173.14 | N90: 2001 | O90: =N90-2023 -> -22 | P90: =O90/30 -> -0.73333333 | Q90: =K90-L90 -> 5122600 | R90: =Q90*P90 -> -3756573.3 | S90: =R90+Q90 -> 1366026.7 | T90: =S90+L90 -> 2729026.7 | U90: 23693
A91: 4920 Bill Gardner Parkway Locust Grove, GA 30248 | B91: Link | C91: Link | D91: 4.3 | E91: y | F91: y | G91: n | H91: y | I91: ND | J91: 108750 | K91: 4783296 | L91: 2255200 | M91: - | N91: 2010 | O91: =N91-2023 -> -13 | P91: =O91/30 -> -0.43333333 | Q91: =K91-L91 -> 2528096 | R91: =Q91*P91 -> -1095508.3 | S91: =R91+Q91 -> 1432587.7 | T91: =S91+L91 -> 3687787.7 | U91: 10734
A92: 1500 Geer Hwy Travelers Rest, SC 29690 | B92: Link | C92: Link | D92: 4.3 | E92: n | F92: y | G92: n | H92: y | I92: 14.173 | J92: ND | K92: 3194600 | L92: 450000 | M92: =K92/I92 -> 225400.41 | N92: 1996 | O92: =N92-2023 -> -27 | P92: =O92/30 -> -0.9 | Q92: =K92-L92 -> 2744600 | R92: =Q92*P92 -> -2470140 | S92: =R92+Q92 -> 274460 | T92: =S92+L92 -> 724460 | U92: 8486
A93: 120 Carbon City Rd. Morganton, NC 28655 | B93: Link | C93: Link | D93: 4.4 | E93: y | F93: y | G93: y | H93: y | I93: 11.17 | J93: ND | K93: 8071518 | L93: 969060 | M93: =K93/I93 -> 722606.8 | N93: 1997 | O93: =N93-2023 -> -26 | P93: =O93/30 -> -0.86666667 | Q93: =K93-L93 -> 7102458 | R93: =Q93*P93 -> -6155463.6 | S93: =R93+Q93 -> 946994.4 | T93: =S93+L93 -> 1916054.4 | U93: 17602
A94: 410 Pelzer Hwy Easley, SC 29640 | B94: Link | C94: Link | D94: 4.4 | E94: n | F94: y | G94: n | H94: y | I94: 10.92 | J94: 56986 | K94: 4007500 | L94: 240450 | M94: =K94/I94 -> 366987.18 | N94: 1997 | O94: =N94-2023 -> -26 | P94: =O94/30 -> -0.86666667 | Q94: =K94-L94 -> 3767050 | R94: =Q94*P94 -> -3264776.7 | S94: =R94+Q94 -> 502273.33 | T94: =S94+L94 -> 742723.33 | U94: 24463
A95: 5251 Calhoun Memorial Hwy Easley, SC 29642 | B95: Link | C95: Link | D95: 4.4 | E95: n | F95: y | G95: n | H95: y | I95: 7.05 | J95: 60400 | K95: 4746600 | L95: 284800 | M95: =K95/I95 -> 673276.6 | N95: 1998 | O95: =N95-2023 -> -25 | P95: =O95/30 -> -0.83333333 | Q95: =K95-L95 -> 4461800 | R95: =Q95*P95 -> -3718166.7 | S95: =R95+Q95 -> 743633.33 | T95: =S95+L95 -> 1028433.3 | U95: 24463
A96: 1851 Highway 14E Landrum, SC 29356 | B96: Link | C96: Link | D96: 4.3 | E96: y | F96: y | G96: n | H96: y | I96: 29.832 | J96: 56601 | K96: 6380400 | L96: 1286700 | M96: =K96/I96 -> 213877.72 | N96: 1997 | O96: =N96-2023 -> -26 | P96: =O96/30 -> -0.86666667 | Q96: =K96-L96 -> 5093700 | R96: =Q96*P96 -> -4414540 | S96: =R96+Q96 -> 679160 | T96: =S96+L96 -> 1965860 | U96: 2613
A97: 3275 N Pleasantburg Dr, Greenville, SC 29609 | B97: Link | C97: Link | D97: 4.2 | E97: y | F97: n | G97: n | H97: n | I97: 32.18 | J97: 271488 | K97: 33862710 | L97: 0 | M97: =K97/I97 -> 1052290.6 | N97: 2018 | O97: =N97-2023 -> -5 | P97: =O97/30 -> -0.16666667 | Q97: =K97 -> 33862710 | R97: =Q97*P97 -> -5643785 | S97: =R97+Q97 -> 28218925 | T97: =S97+L97 -> 28218925 | U97: 72310
A98: 2630 Connelly Springs Rd Granite Falls, NC 28630 | B98: Link | C98: Link | D98: 4.4 | E98: n | F98: y | G98: n | H98: n | I98: 7.47 | J98: ND | K98: 5010000 | L98: 156100 | M98: =K98/I98 -> 670682.73 | N98: 1997 | O98: =N98-2023 -> -26 | P98: =O98/30 -> -0.86666667 | Q98: =K98-L98 -> 4853900 | R98: =Q98*P98 -> -4206713.3 | S98: =R98+Q98 -> 647186.67 | T98: =S98+L98 -> 803286.67 | U98: 4926
A99: 4396 Highway 24 Anderson, SC 29626 | B99: Link | C99: Link | D99: 4.5 | E99: y | F99: y | G99: n | H99: y | I99: 10.5 | J99: ND | K99: 6923678 | L99: 103950 | M99: =K99/I99 -> 659397.9 | N99: 1997 | O99: =N99-2023 -> -26 | P99: =O99/30 -> -0.86666667 | Q99: =K99-L99 -> 6819728 | R99: =Q99*P99 -> -5910430.9 | S99: =R99+Q99 -> 909297.07 | T99: =S99+L99 -> 1013247.1 | U99: 29771
A100: 1305 West Third St Jackson, GA 30233 | B100: Link | C100: Link | D100: 4.3 | E100: y | F100: n | G100: n | H100: n | I100: 18.29 | J100: 44372 | K100: 2053559 | L100: 563332 | M100: =K100/I100 -> 112277.69 | N100: 1994 | O100: =N100-2023 -> -29 | P100: =O100/30 -> -0.96666667 | Q100: =K100-L100 -> 1490227 | R100: =Q100*P100 -> -1440552.8 | S100: =R100+Q100 -> 49674.233 | T100: =S100+L100 -> 613006.23 | U100: 5693
...

Sheet Master Property List
A1: Raw Property Data
A2: Address | B2: Database/GIS Link | C2: Class | D2: Acres | E2: Market Appraisal | F2: Land Value | G2: Year Built/Acquired | H2: Depreciation Rate Yrs | I2: Depreciated % | J2: Market Appr. Sub-Land | K2: Improved Depreciated | L2: Improved less Depr. | M2: Net Improved + Land | N2: Buildings Sqft | O2: Fair Market/Acre | P2: Year Assessed | Q2: Included in Ingles Tab y/n | R2: Notes
A3: 0 EMORY RD E | C3: Commercial | D3: 10.08 | E3: 1713400 | F3: n | N3: 53476 | O3: =E3/D3 -> 169980.16 | P3: 2024 | Q3: n | R3: Land
A4: 0 CEDAR LN | C4: Commercial | D4: 1.85 | E4: 676500 | F4: n | N4: - | O4: =E4/D4 -> 365675.68 | P4: 2024 | Q4: n | R4: Land
A5: 0 CEDAR LN | C5: Commercial | D5: 0.9 | E5: 538000 | F5: n | N5: - | O5: =E5/D5 -> 597777.78 | P5: 2024 | Q5: n | R5: Land
A6: 0 CEDAR LN | C6: Commercial | D6: 0.98 | E6: 299900 | F6: n | N6: - | O6: =E6/D6 -> 306020.41 | P6: 2024 | Q6: n | R6: Land
A7: 0 CEDAR LN | C7: Commercial | D7: 1 | E7: 210000 | F7: n | N7: - | O7: =E7/D7 -> 210000 | P7: 2024 | Q7: n | R7: Land
A8: 426 EMORY RD E | B8: Link | C8: Commercial | D8: 0.91 | E8: 618400 | F8: 503685 | G8: 2005 | H8: =G8-2023 -> -18 | I8: =H8/30 -> -0.6 | J8: =E8-F8 -> 114715 | K8: =J8*I8 -> -68829 | L8: =K8+J8 -> 45886 | M8: =L8+F8 -> 549571 | N8: - | O8: =E8/D8 -> 679560.44 | P8: 2024 | Q8: n | R8: Fuel station
A9: 430 EMORY RD E | C9: Commercial | D9: 31.69 | E9: 10499800 | F9: n | N9: 36839 | O9: =E9/D9 -> 331328.49 | P9: 2024 | Q9: y | R9: GIS Link, Google Link
A10: 201 CEDAR LN | C10: Commercial | D10: 1 | E10: 554000 | F10: n | N10: - | O10: =E10/D10 -> 554000 | P10: 2024 | Q10: n | R10: Land
A11: 215 CEDAR LN | C11: Commercial | D11: 10.2 | E11: 4174100 | F11: n | N11: 53476 | O11: =E11/D11 -> 409225.49 | P11: 2024 | Q11: y | R11: GIS Link, Google Link
A12: 7464 OAK RIDGE HWY | C12: Commercial | D12: 13.09 | E12: 5669600 | F12: n | N12: 68870 | O12: =E12/D12 -> 433124.52 | P12: 2024 | Q12: y | R12: GIS Link
A13: 190 Clinch Ave, Knoxville, TN | B13: Link, Link | C13: Commercial | D13: 5.81 | E13: 1542700 | F13: n | N13: 54587 | O13: =E13/D13 -> 265524.96 | P13: 2020 | Q13: n | R13: Vacant stand alone property
A14: 190 Clinch Ave, Knoxville, TN | B14: Link, Link | C14: Commercial | D14: 5 | E14: 593000 | F14: 297300 | G14: 1985 | H14: =G14-2023 -> -38 | I14: -1 | J14: =E14-F14 -> 295700 | K14: =J14*I14 -> -295700 | L14: =K14+J14 -> 0 | M14: =L14+F14 -> 297300 | N14: 10966 | O14: =E14/D14 -> 118600 | P14: 2020 | Q14: n | R14: Shopping center: Two vacant properties
A15: 190 Clinch Ave, Knoxville, TN | B15: Link, Link | C15: Commercial | D15: 2.76 | E15: 922800 | F15: n | N15: 27494 | O15: =E15/D15 -> 334347.83 | P15: 2020 | Q15: y
A16: 190 Clinch Ave, Knoxville, TN | B16: Link, Link | C16: Commercial | D16: 2.23 | E16: 204700 | F16: n | N16: - | O16: =E16/D16 -> 91793.722 | P16: 2020 | Q16: n | R16: Empty Parcel
A17: 1625 E Andrew Johnson Hwy, Morristown, TN | B17: Link, Link | C17: Commercial | D17: 2.28 | E17: 704100 | F17: 383300 | G17: 1978 | H17: =G17-2023 -> -45 | I17: -1 | J17: =E17-F17 -> 320800 | K17: =J17*I17 -> -320800 | L17: =K17+J17 -> 0 | M17: =L17+F17 -> 383300 | N17: - | O17: =E17/D17 -> 308815.79 | P17: 2023 | Q17: n | R17: Sav-Mor Foods
A18: 2845 E Andrew Johnson Hwy Greeneville, TN | B18: Link, Link | C18: Commercial | D18: 11.63 | E18: 9218800 | F18: n | N18: 76554 | O18: =E18/D18 -> 792674.12 | P18: 2023 | Q18: y
A19: 2342 E Andrew Johnson Hwy, Morristown, TN | B19: Link, Link | C19: Commercial | D19: 4.93 | E19: 2599500 | F19: n | N19: 52050 | O19: =E19/D19 -> 527281.95 | P19: 2020 | Q19: y
A20: 3980 W ANDREW JOHNSON HWY, Morristown, TN | B20: Link, Link | C20: Commercial | D20: 38.51 | E20: 7570100 | F20: n | N20: 62556 | O20: =E20/D20 -> 196574.92 | P20: 2020 | Q20: y
A21: Kelly Lane | B21: Link, Link | C21: Residential | D21: 10 | E21: 890800 | F21: n | N21: - | O21: =E21/D21 -> 89080 | P21: 2021 | Q21: n | R21: Property
A22: HWY 321 N 783 | B22: Link, Link | C22: Commercial | D22: 0.66 | E22: 639700 | F22: 304500 | G22: 2007 | H22: =G22-2023 -> -16 | I22: =H22/30 -> -0.53333333 | J22: =E22-F22 -> 335200 | K22: =J22*I22 -> -178773.33 | L22: =K22+J22 -> 156426.67 | M22: =L22+F22 -> 460926.67 | N22: 6795 | O22: =E22/D22 -> 969242.42 | P22: 2021 | Q22: n | R22: AutoZone tenant
A23: 404 Hwy 321 N, Unit 1 Lenoir City, TN 37771 | B23: Link, Link | C23: Commercial | D23: 12.03 | E23: 10959400 | F23: n | N23: 72129 | O23: =E23/D23 -> 911005.82 | P23: 2021 | Q23: y | R23: Shopping center: Bealls, 5th Nail Lounge
A24: HWY 321 N | B24: Link, Link | C24: Commercial | D24: 10.67 | E24: 3564700 | F24: 1558100 | G24: 1989 | H24: =G24-2023 -> -34 | I24: -1 | J24: =E24-F24 -> 2006600 | K24: =J24*I24 -> -2006600 | L24: =K24+J24 -> 0 | M24: =L24+F24 -> 1558100 | N24: 59490 | O24: =E24/D24 -> 334086.22 | P24: 2021 | Q24: n | R24: Shopping center: Tractor Supply Co, Goodwill
A25: HWY 321 N 785 | B25: Link, Link | C25: Commercial | D25: 4.74 | E25: 3560900 | F25: 1083700 | G25: 1990 | H25: =G25-2023 -> -33 | I25: -1 | J25: =E25-F25 -> 2477200 | K25: =J25*I25 -> -2477200 | L25: =K25+J25 -> 0 | M25: =L25+F25 -> 1083700 | N25: 1392 | O25: =E25/D25 -> 751244.73 | P25: 2021 | Q25: n | R25: Shopping center: DG Markets, Papa John's
A26: MAIN ST 4785 | B26: Link, Link | C26: Commercial | D26: 11.46 | E26: 2924400 | F26: n | N26: 54724 | O26: =E26/D26 -> 255183.25 | P26: 2021 | Q26: y | R26: Shopping center: Jasper Liquor, Farmer's Home Furniture, World Finance, Cash Mart
A27: 904 South Main St Sweetwater, TN 37874 | B27: Link, Link | C27: Commercial | D27: 4.05 | E27: 2475200 | F27: n | N27: 42749 | O27: =E27/D27 -> 611160.49 | P27: 2023 | Q27: y
A28: 4629 Hwy 411, Madisonville, TN 37354 | B28: Link, Link | C28: Commercial | D28: 11.6 | E28: 1686600 | F28: n | N28: 27656 | O28: =E28/D28 -> 145396.55 | P28: 2023 | Q28: y | R28: Shopping center: CVS, Pizza Hut, Cash Express, China Fun Buffet
A29: 4345 Fort Henry Dr, Kingsport, TN 37663 | B29: Link, Link | C29: Commercial | D29: 14.28 | E29: =4247400 -> 4247400 | F29: n | N29: =51072 -> 51072 | O29: =E29/D29 -> 297436.97 | P29: 2021 | Q29: y | R29: Shopping center: two vacant properties,
A30: 4317 Fort Henry Dr Kingsport, TN 37663 | B30: Link, Link | C30: Commercial | D30: 0 | E30: 1520900 | F30: 0 | G30: 1996 | H30: =G30-2023 -> -27 | I30: =H30/30 -> -0.9 | J30: =E30-F30 -> 1520900 | K30: =J30*I30 -> -1368810 | L30: =K30+J30 -> 152090 | M30: =L30+F30 -> 152090 | N30: 4432 | O30: N/A | P30: 2021 | Q30: n | R30: Sqft as acres don't line up with property. Stand-alone McDonalds included in 4345 Henry
A31: 4335 Fort Henry Dr, Kingsport, TN 37663 | B31: Link, Link | C31: Commercial | D31: 0 | E31: 399900 | F31: 0 | G31: 1996 | H31: =G31-2023 -> -27 | I31: =H31/30 -> -0.9 | J31: =E31-F31 -> 399900 | K31: =J31*I31 -> -359910 | L31: =K31+J31 -> 39990 | M31: =L31+F31 -> 39990 | N31: - | O31: N/A | P31: 2021 | Q31: n
A32: 237 Hamilton Pl, Kingsport, TN 37663 | B32: Link, Link | C32: Residential | D32: 0.54 | E32: 14900 | F32: n | N32: - | O32: =E32/D32 -> 27592.593 | P32: 2021 | Q32: n | R32: Residential land parcel
A33: 1913 S Roan St, Johnson City, TN 37601 | B33: Link, Link | C33: Commercial | D33: 6 | E33: 3015100 | F33: 1054500 | G33: 1981 | H33: =G33-2023 -> -42 | I33: -1 | J33: =E33-F33 -> 1960600 | K33: =J33*I33 -> -1960600 | L33: =K33+J33 -> 0 | M33: =L33+F33 -> 1054500 | N33: 34409 | O33: =E33/D33 -> 502516.67 | P33: 2024 | Q33: n | R33: Shopping center: Vacant
A34: 1923 S Roan St, Johnson City, TN 37601 | B34: Link, Link | C34: Commercial | D34: 5.39 | E34: 2445500 | F34: n | N34: 48636 | O34: =E34/D34 -> 453710.58 | P34: 2024 | Q34: n | R34: Vacant
A35: 4352 N Roan St, Johnson City, TN 37615 | B35: Link, Link | C35: Commercial | D35: 11.81 | E35: 1382000 | F35: n | N35: - | O35: =E35/D35 -> 117019.48 | P35: 2024 | Q35: n | R35: Vacant Land
A36: 1200 W Jackson Blvd, Jonesborough, TN 37659 | B36: Link, Link | C36: Commercial | D36: 0 | E36: 396700 | F36: 175000 | G36: 2009 | H36: =G36-2023 -> -14 | I36: =H36/30 -> -0.46666667 | J36: =E36-F36 -> 221700 | K36: =J36*I36 -> -103460 | L36: =K36+J36 -> 118240 | M36: =L36+F36 -> 293240 | N36: - | O36: N/A | P36: 2024 | Q36: n | R36: Ingles Gas Express
A37: 1520 ATLANTA HWY NW/Auburn, GA 30011, USA | B37: Link, Link | C37: Commercial | D37: 11.37 | E37: 1600000 | F37: 170412 | G37: 1993 | H37: =G37-2023 -> -30 | I37: =H37/30 -> -1 | J37: =E37-F37 -> 1429588 | K37: =J37*I37 -> -1429588 | L37: =K37+J37 -> 0 | M37: =L37+F37 -> 170412 | N37: 58715 | O37: =E37/D37 -> 140721.2 | P37: 2024 | Q37: n | R37: Former Ingles
A38: 1502 Atlanta Hwy, Auburn, GA 30011, United States | B38: Link, Link | C38: Commercial | D38: 20.81 | E38: 6400000 | F38: n | N38: 85753 | O38: =E38/D38 -> 307544.45 | P38: 2024 | Q38: y
A39: 285 N Broad St, Winder, GA 30680, United States | B39: Link, Link | C39: Commercial | D39: 17.83 | E39: 7100000 | F39: n | N39: 84137 | O39: =E39/D39 -> 398205.27 | P39: 2024 | Q39: y
A40: 825 West Avenue W. Cartersville, GA 30120 | B40: Link, Link | C40: Commercial | D40: 18.97 | E40: 11521554 | F40: n | N40: 67579 | O40: =E40/D40 -> 607356.56 | P40: 2024 | Q40: y
A41: 1305 West Third St Jackson, GA 30233 | B41: Link, Link | C41: Commercial | D41: 18.29 | E41: 2053559 | F41: n | N41: 44372 | O41: =E41/D41 -> 112277.69 | P41: 2024 | Q41: y
A42: 488 Carrolton St Temple, GA 30179 | B42: Link, Link | C42: Commercial | D42: 11.21 | E42: 13558458 | F42: n | N42: 83083 | O42: =E42/D42 -> 1209496.7 | P42: 2024 | Q42: y
A43: Rockmart Rd, Villa Rica, GA 30180 | B43: Link, Link | C43: Commercial | D43: 51.78 | E43: 1350000 | F43: n | N43: - | O43: =E43/D43 -> 26071.842 | P43: 2024 | Q43: n | R43: Large commercial lot. Appears to be under development
A44: 98 GA-61, Villa Rica, GA 30180 | B44: Link, Link | C44: Commercial | D44: 9.05 | E44: 2864619 | F44: n | N44: 64597 | O44: =E44/D44 -> 316532.49 | P44: 2024 | Q44: y | R44: Shopping center: Subway, Infinite Games, Fancy Nails, Jump Time
A45: 2865 Music Mill Rd, Bremen, GA 30110 | B45: Link, Link | C45: Commercial | D45: 12.85 | E45: 7392097 | F45: n | N45: 86316 | O45: ='Ingles Stores'!K22/D45 -> 575260.47 | P45: 2024 | Q45: y
A46: 5044 Alabama Hwy, Ringgold, GA 30736 | B46: Link, Link | C46: Commercial | D46: 11.91 | E46: 5323646 | F46: n | N46: 55060 | O46: =E46/D46 -> 446989.59 | P46: 2024 | Q46: y | R46: Shopping center: two vacant retail spaces
A47: 416 GA-114, Summerville, GA 30747/9767 ROME BLVD | B47: Link, Link | C47: Commercial | D47: 5.85 | E47: 2551200 | F47: n | N47: 52582 | O47: =E47/D47 -> 436102.56 | P47: 2024 | Q47: y | R47: Shopping center: Papa John's, Factory Connection, Cricket Wireless
A48: HIGHWAY 114, Summerville, GA, 30747 | B48: Link, Link | C48: Commercial | D48: 0.53 | E48: 25400 | F48: n | N48: - | O48: =E48/D48 -> 47924.528 | P48: 2024 | Q48: n | R48: Land Parcel
A49: 2546 POWDER SPRINGS RD, Marietta, GA 30064 | B49: Link, Link | C49: Commercial | D49: 6.989 | E49: 1039010 | F49: n | N49: - | O49: =E49/D49 -> 148663.61 | P49: 2024 | Q49: n | R49: Vacant Land
A50: 2523 Powder Springs Rd, Marietta, GA 30064 | B50: Link, Link | C50: Commercial | D50: 0.639 | E50: 108410 | F50: n | N50: - | O50: =E50/D50 -> 169655.71 | P50: 2024 | Q50: n | R50: Vacant Land
A51: 2535 Powder Springs Rd, Marietta, GA 30064 | B51: Link, Link | C51: Commercial | D51: 0.86 | E51: 123020 | F51: n | N51: - | O51: =E51/D51 -> 143046.51 | P51: 2024 | Q51: n | R51: Vacant Land
A52: 5055 Cherokee Street Acworth, GA 30101 | B52: Link, Link | C52: Commercial | D52: 15.376 | E52: 6193500 | F52: n | N52: - | O52: =E52/D52 -> 402803.07 | P52: 2024 | Q52: y
A53: 300 S Main St, Trenton, GA 30752 | B53: Link, Link | C53: Commercial | D53: 5.97 | E53: 2485460 | F53: n | N53: 56864 | O53: =E53/D53 -> 416324.96 | P53: 2024 | Q53: y | R53: Shopping Center: Factory Connection, Trenton Tobacco
A54: 4809 Rockbridge Rd SW, Stone Mountain, GA 30083 | B54: Link, Link | C54: Commercial | D54: 7.1 | E54: 5000000 | F54: 280000 | G54: 1988 | H54: =G54-2023 -> -35 | I54: -1 | J54: =E54-F54 -> 4720000 | K54: =J54*I54 -> -4720000 | L54: =K54+J54 -> 0 | M54: =L54+F54 -> 280000 | N54: 42830 | O54: =E54/D54 -> 704225.35 | P54: 2024 | Q54: n | R54: Shopping Center (Link, Link): Supreme Fish Delight, Hong Kong City Chinese, The Event Venue at Classique, dental office
A55: 4781 Rockbridge Rd SW, Stone Mountain, GA 30083, USA | B55: Link, Link | C55: Commercial | D55: 1.46 | E55: 2500000 | F55: n | N55: 36401 | O55: =E55/D55 -> 1712328.8 | P55: 2024 | Q55: y
A56: 4783 Rockbridge Rd SW, Stone Mountain, GA 30083 | B56: Link, Link | C56: Commercial | D56: 2.1 | E56: 81000 | F56: n | N56: - | O56: =E56/D56 -> 38571.429 | P56: 2024 | Q56: n | R56: Vacant land
A57: 4815 ROCKBRIDGE RD | B57: Link | C57: Commercial | D57: ND | E57: 1025802 | F57: System down | H57: System down | I57: System down | J57: System down | K57: System down | L57: System down | N57: - | O57: N/A | P57: 2024 | Q57: n | R57: Fuel station
A58: 4398 Hugh Howell Rd, Tucker, GA 30084 | B58: Link, Link | C58: Commercial | D58: 5 | E58: 4355900 | F58: 895389 | G58: 1986 | H58: =G58-2023 -> -37 | I58: -1 | J58: =E58-F58 -> 3460511 | K58: =J58*I58 -> -3460511 | L58: =K58+J58 -> 0 | M58: =L58+F58 -> 895389 | N58: 40642 | O58: =E58/D58 -> 871180 | P58: 2024 | Q58: n | R58: Shopping Center: Goodwill
A59: 4394 Hugh Howell Rd, Tucker, GA 30084 | B59: Link, Link | C59: Commercial | D59: 1.1 | E59: 2197200 | F59: 245638 | G59: 1987 | H59: =G59-2023 -> -36 | I59: -1 | J59: =E59-F59 -> 1951562 | K59: =J59*I59 -> -1951562 | L59: =K59+J59 -> 0 | M59: =L59+F59 -> 245638 | N59: 15911 | O59: =E59/D59 -> 1997454.5 | P59: 2024 | Q59: n | R59: Same Shopping Center: Braaxv Salon, vacant properties
A60: 4404 Hugh Howell Rd, Tucker, GA 30084 | B60: Link, Link | C60: Commercial | D60: 1.2 | E60: 2694900 | F60: 210000 | G60: 1987 | H60: =G60-2023 -> -36 | I60: -1 | J60: =E60-F60 -> 2484900 | K60: =J60*I60 -> -2484900 | L60: =K60+J60 -> 0 | M60: =L60+F60 -> 210000 | N60: 21143 | O60: =E60/D60 -> 2245750 | P60: 2024 | Q60: n | R60: Same Shopping Center: Harmon's Tax Tigers, Q Beauty, Annie's Alterations, Cococakes by Coco
A61: 2000 Airport Rd, Atlanta, GA 30341 | B61: Link | C61: Commercial | D61: ND | E61: 450000 | F61: System down | N61: - | O61: N/A | P61: 2024 | Q61: n | R61: A- Airplane: Airplane/hanger/spot at DeKalb-Peachtree Airport
A62: 901 Elbert St, Elberton, GA 30635 | B62: Link, Link | C62: Commercial | D62: 10.08 | E62: 1028641 | F62: 505100 | G62: 2009 | H62: =G62-2023 -> -14 | I62: =H62/30 -> -0.46666667 | J62: =E62-F62 -> 523541 | K62: =J62*I62 -> -244319.13 | L62: =K62+J62 -> 279221.87 | M62: =L62+F62 -> 784321.87 | N62: 44812 | O62: =E62/D62 -> 102047.72 | P62: 2024 | Q62: n | R62: Shopping center: Vacant
A63: 903 Elbert St, Elberton, GA 30635 | B63: Link, Link | C63: Commercial | D63: 14.74 | E63: 8500000 | F63: n | N63: 84771 | O63: =E63/D63 -> 576662.14 | P63: 2024 | Q63: y
A64: 5679 Appalachian Hwy Blue Ridge, GA 30513 | B64: Link, Link | C64: Commercial | D64: 14.06 | E64: 10293839 | F64: n | N64: 80284 | O64: =E64/D64 -> 732136.49 | P64: 2024 | Q64: y | R64: Shopping center: TJ Maxx, Roses Discount, El Manzanillo
A65: 5679 Appalachian Hwy Blue Ridge, GA 30513 | B65: Link, Link | C65: Commercial | D65: 12.8 | E65: 3031000 | F65: n | N65: - | O65: =E65/D65 -> 236796.88 | P65: 2024 | Q65: n | R65: Land
A66: 135 Hwy 92, Fayetteville, GA 30215, United States | B66: Link, Link | C66: Commercial | D66: 10.6 | E66: 2400000 | F66: n | N66: 27494 | O66: =E66/D66 -> 226415.09 | P66: 2023 | Q66: y | R66: Square-feet ND. Estimate based off 190 Clinch Ave
A67: 2925 Keith Bridge Rd, Cumming, GA 30041 | B67: Link, Link | C67: Commercial | D67: 1.25 | E67: 542000 | F67: n | N67: - | O67: =E67/D67 -> 433600 | P67: 2024 | Q67: n | R67: Vacant land
A68: 3075 Keith Bridge Rd, Cumming, GA 30041 | B68: Link, Link | C68: Residential | D68: 44.94 | E68: 2164310 | F68: n | N68: - | O68: =E68/D68 -> 48159.991 | P68: 2024 | Q68: n | R68: Vacant land
A69: 2905 Keith Bridge Rd, Cumming, GA 30041 | B69: Link, Link | C69: Commercial | D69: 0.87 | E69: 468880 | F69: n | N69: - | O69: =E69/D69 -> 538942.53 | P69: 2024 | Q69: n | R69: Vacant land
A70: 2915 Keith Bridge Rd, Cumming, GA 30041 | B70: Link, Link | C70: Commercial | D70: 2.11 | E70: 680180 | F70: n | N70: - | O70: =E70/D70 -> 322360.19 | P70: 2024 | Q70: n | R70: Vacant land
A71: 6055 Bethelview Rd, Cumming, GA 30040 | B71: Link, Link | C71: Commercial | D71: 32.5 | E71: 6361610 | F71: n | N71: 62292 | O71: =E71/D71 -> 195741.85 | P71: 2024 | Q71: y
A72: 2835 Keith Bridge Rd, Cumming, GA 30041 | B72: Link, Link | C72: Commercial | D72: 26.64 | E72: 5781820 | F72: n | N72: 54186 | O72: =E72/D72 -> 217035.29 | P72: 2024 | Q72: y
A73: 1367-1451 US-278, Greensboro, GA 30642 | B73: Link, Link | C73: Commercial | D73: 5.73 | E73: 139800 | F73: n | N73: - | O73: =E73/D73 -> 24397.906 | P73: 2024 | Q73: n | R73: Vacant land
A74: 1480 E Broad St, Greensboro, GA 30642 | B74: Link, Link | C74: Commercial | D74: 9.1 | E74: 3531600 | F74: n | N74: 33828 | O74: =E74/D74 -> 388087.91 | P74: 2024 | Q74: y
A75: 1221 Dacula Rd, Dacula, GA 30019 | B75: Link, Link | C75: Commercial | D75: 26 | E75: 10563100 | F75: n | N75: 61222 | O75: =E75/D75 -> 406273.08 | P75: 2024 | Q75: y | R75: Large empty adjacent undeveloped property
A76: 3303 Centerville Hwy, Snellville, GA 30039 | B76: Link, Link | C76: Commercial | D76: 19.9 | E76: 21023000 | G76: 1988 | H76: =G76-2023 -> -35 | I76: -1 | J76: =E76-F76 -> 21023000 | K76: =J76*I76 -> -21023000 | L76: =K76+J76 -> 0 | M76: =L76+F76 -> 0 | N76: 63566 | O76: =E76/D76 -> 1056432.2 | P76: 2024 | Q76: n | R76: Shopping center: Goodwill, Wings Family, ASAP Pressure Washing, Cold Cutters College, Mr. Eggroll
A77: 3846 Bethany Church Rd, Snellville, GA 30039 | B77: Link, Link | C77: Commercial | D77: 1.13 | E77: 208800 | F77: n | N77: - | O77: =E77/D77 -> 184778.76 | P77: 2024 | Q77: n | R77: Vacant land
A78: 3303 Centerville Hwy, Snellville, GA 30039 | B78: Link, Link | C78: Commercial | D78: 2.38 | E78: 250800 | F78: n | N78: - | O78: =E78/D78 -> 105378.15 | P78: 2024 | Q78: n | R78: Vacant land
A79: 5100 Annistown Rd, Stone Mountain, GA 30087 | B79: Link, Link | C79: Commercial | D79: 19.33 | E79: 2013100 | F79: n | N79: - | O79: =E79/D79 -> 104143.82 | P79: 2024 | Q79: n | R79: Vacant land
A80: 650 Rockbridge Rd SW, Lilburn, GA 30047 | B80: Link, Link | C80: Commercial | D80: 6.26 | E80: 3462700 | F80: n | N80: 40450 | O80: =E80/D80 -> 553146.96 | P80: 2024 | Q80: y | R80: Shopping center: CVS
A81: 675 Buford Dr, Lawrenceville, GA 30046 | B81: Link, Link | C81: Commercial | D81: 5.73 | E81: 2156500 | F81: n | N81: - | O81: =E81/D81 -> 376352.53 | P81: 2024 | Q81: n | R81: Vacant land
A82: 199 Habersham Co Shopping Center, Cornelia, GA 30531, United States | B82: Link, Link | C82: Commercial | D82: 19.95 | E82: 4632270 | F82: n | N82: 170484 | O82: =E82/D82 -> 232193.98 | P82: 2024 | Q82: y | R82: Shopping center (Link, Link, Link): Belk, Davis Brothers, A Nails
A83: West Louise/184 Clarkesville Station, Clarkesville, GA | B83: Link, Link | C83: Commercial | D83: 5.64 | E83: 720960 | F83: 219960 | G83: 1988 | H83: =G83-2023 -> -35 | I83: -1 | J83: =E83-F83 -> 501000 | K83: =J83*I83 -> -501000 | L83: =K83+J83 -> 0 | M83: =L83+F83 -> 219960 | N83: 42325 | O83: =E83/D83 -> 127829.79 | P83: 2024 | Q83: n | R83: Shopping center: Wolf Creek BBQ Burgers & More, China Take-Out. Mostly vacant
A84: 199 E Louise St, Clarkesville, GA 30523 | B84: Link, Link | C84: Commercial | D84: 9.66 | E84: 5117230 | N84: 70563 | O84: =E84/D84 -> 529733.95 | P84: 2024 | Q84: y
A85: 1554 441 Byp, Cornelia, GA 30531 | B85: Link, Link | C85: Commercial | D85: 0.76 | E85: 68910 | F85: n | N85: - | O85: =E85/D85 -> 90671.053 | P85: 2024 | Q85: n | R85: Vacant land
A86: 441 Bypass/199 Habersham County Shopping Center, Cornelia, GA 30531 | B86: Link, Link | C86: Commercial | D86: 0.61 | E86: 341790 | F86: 55310 | G86: 2011 | H86: =G86-2023 -> -12 | I86: =H86/30 -> -0.4 | J86: =E86-F86 -> 286480 | K86: =J86*I86 -> -114592 | L86: =K86+J86 -> 171888 | M86: =L86+F86 -> 227198 | N86: 1976 | O86: =E86/D86 -> 560311.48 | P86: 2024 | Q86: n | R86: Service station
A87: 4260 Winder Hwy Flowery Branch, GA 30542 | B87: Link, Link | C87: Commercial | D87: 24.15 | E87: 10178000 | N87: 86034 | O87: =E87/D87 -> 421449.28 | P87: 2024 | Q87: y
A88: 3344 Thompson Bridge Rd, Gainesville, GA 30506 | B88: Link, Link | C88: Commercial | D88: 14.8 | E88: 905600 | F88: n | N88: - | O88: =E88/D88 -> 61189.189 | P88: 2024 | Q88: n | R88: Land
A89: 3356 Thompson Bridge Rd, Gainesville, GA 30506 | B89: Link, Link | C89: Commercial | D89: 0.99 | E89: 28500 | F89: n | N89: - | O89: =E89/D89 -> 28787.879 | P89: 2024 | Q89: n | R89: Land
A90: 1000 E Franklin St, Hartwell, GA 30643 | B90: Link, Link | C90: Commercial | D90: 8.73 | E90: 3564780 | F90: n | N90: 84700 | O90: =E90/D90 -> 408336.77 | P90: 2023 | Q90: y
A91: 1000 E Franklin St, Hartwell, GA 30643 | B91: Link, Link | C91: Commercial | D91: 0.5 | E91: 367212 | F91: 261360 | G91: 2007 | H91: =G91-2023 -> -16 | I91: =H91/30 -> -0.53333333 | J91: =E91-F91 -> 105852 | K91: =J91*I91 -> -56454.4 | L91: =K91+J91 -> 49397.6 | M91: =L91+F91 -> 310757.6 | N91: 200 | O91: =E91/D91 -> 734424 | P91: 2024 | Q91: n | R91: Service station
A92: 1094 E Franklin St, Hartwell, GA 30643 | B92: Link, Link | C92: Commercial | D92: 9.6 | E92: 3913877 | F92: 1344000 | G92: 1994 | H92: =G92-2023 -> -29 | I92: =H92/30 -> -0.96666667 | J92: =E92-F92 -> 2569877 | K92: =J92*I92 -> -2484214.4 | L92: =K92+J92 -> 85662.567 | M92: =L92+F92 -> 1429662.6 | N92: 105538 | O92: =E92/D92 -> 407695.52 | P92: 2024 | Q92: n | R92: Shopping center: Belk, Cato Fasions, Goodwill, Badcock Home Furniture,
A93: 3701 Walt Stephens Rd, Stockbridge, GA 30281 | B93: Link, Link | C93: Commercial | D93: 12.887 | E93: 7672500 | F93: n | N93: 88859 | O93: =E93/D93 -> 595367.42 | P93: 2024 | Q93: y
A94: 100 Fairview Rd Ellenwood, GA 30294 | B94: Link, Link | C94: Commercial | D94: 18.01 | E94: 4964200 | F94: n | N94: 63086 | O94: =E94/D94 -> 275635.76 | P94: 2024 | Q94: y
A95: 247 US-441, Commerce, GA 30529 | B95: Link, Link | C95: Commercial | D95: 1.4 | E95: 104000 | F95: n | N95: - | O95: =E95/D95 -> 74285.714 | P95: 2024 | Q95: n | R95: Vacant land
A96: 220 Hwy 334 Commerce, GA 30529 | B96: Link, Link | C96: Commercial | D96: 23.9 | E96: 6541400 | F96: n | N96: 84942 | O96: =E96/D96 -> 273698.74 | P96: 2024 | Q96: y
A97: 2340 Hwy 16 West Monticello, GA 31064 | B97: Link, Link | C97: Commercial | D97: 32.48 | E97: 2444900 | F97: n | N97: 42710 | O97: =E97/D97 -> 75274.015 | P97: 2024 | Q97: y | R97: Big attached fallow land parcel
A98: 131 US-1 Bypass, Louisville, GA 30434 | B98: Link, Link | C98: Commercial | D98: 9.59 | E98: 1670031 | F98: n | N98: 53736 | O98: =E98/D98 -> 174142.96 | P98: 2024 | Q98: y
A99: 633 N Main St, Wrens, GA 30833 | B99: Link, Link | C99: Commercial | D99: 9.1 | E99: 1196848 | F99: n | N99: 43092 | O99: =E99/D99 -> 131521.76 | P99: 2024 | Q99: y
A100: 1353-1333 GA-47, Wrens, GA 30833 | B100: Link, Link | C100: Commercial | D100: 4.57 | E100: 34275 | F100: n | N100: - | O100: =E100/D100 -> 7500 | P100: 2024 | Q100: n | R100: Vacant land
...

Sheet FCF Adj
A1: Free Cash Flow and Real Estate Acquisition Adjustments
A2: Property, Plant, and Equipment
A3: Year | B3: 2013 | C3: 2014 | D3: 2015 | E3: 2016 | F3: 2017 | G3: 2018 | H3: 2019 | I3: 2020 | J3: 2021 | K3: 2022 | L3: 2023
A4: Land | B4: 302390527 | C4: 308475596 | D4: 319247363 | E4: 332093281 | F4: 339983697 | G4: 351073344 | H4: 373434259 | I4: 387561951 | J4: 399747689 | K4: 417414333 | L4: 457048257
A5: Construction in Progress | B5: 9644248 | C5: 7201640 | D5: 15289568 | E5: 34977869 | F5: 26684306 | G5: 12393293 | H5: 26206372 | I5: 16977941 | J5: 37735207 | K5: 38591661 | L5: 43281401
A6: Buildings | B6: 983136114 | C6: 1015061129 | D6: 1027716672 | E6: 1058126030 | F6: 1110482379 | G6: 1173237017 | H6: 1212984091 | I6: 1277299029 | J6: 1304896586 | K6: 1350593056 | L6: 1414696772
A7: Store, Office, Warehouse EQ | B7: 738305477 | C7: 785827851 | D7: 815624122 | E7: 864032096 | F7: 900160007 | G7: 946026834 | H7: 979229721 | I7: 991978611 | J7: 1018790068 | K7: 1045266039 | L7: 1053056285
A8: Transportation EQ | B8: 64436941 | C8: 64705509 | D8: 68920594 | E8: 71052757 | F8: 72942078 | G8: 75919047 | H8: 78851265 | I8: 82665722 | J8: 71032666 | K8: 75163558 | L8: 78531980
A9: Leasehold Improvements | B9: 53886925 | C9: 53183103 | D9: 53902524 | E9: 54093765 | F9: 56561436 | G9: 54387952 | H9: 56455431 | I9: 60392067 | J9: 60986752 | K9: 60958847 | L9: 60950486
A10: Gross PP&E | B10: 2151800232 | C10: 2234454828 | D10: 2300700843 | E10: 2414375798 | F10: 2506813903 | G10: 2613037487 | H10: 2727161139 | I10: 2816875321 | J10: 2893188968 | K10: 2987987494 | L10: 3111221259
A11: Less Accumulated Dep. | B11: 939668177 | C11: 1015847799 | D11: 1089242450 | E11: 1166494025 | F11: 1241701553 | G11: 1309993117 | H11: 1382893824 | I11: 1462385631 | J11: 1522419536 | K11: 1613956325 | L11: 1679348970
A12: Net PP&E | B12: =B10-B11 -> 1212132055 | C12: =C10-C11 -> 1218607029 | D12: =D10-D11 -> 1211458393 | E12: =E10-E11 -> 1247881773 | F12: =F10-F11 -> 1265112350 | G12: =G10-G11 -> 1303044370 | H12: =H10-H11 -> 1344267315 | I12: =I10-I11 -> 1354489690 | ... L12: =L10-L11 -> 1431872289
A13: PP&E Ex Land & Buildings | B13: =B5+B7+B8+B9 -> 866273591 | C13: =C5+C7+C8+C9 -> 910918103 | D13: =D5+D7+D8+D9 -> 953736808 | E13: =E5+E7+E8+E9 -> 1024156487 | F13: =F5+F7+F8+F9 -> 1056347827 | G13: =G5+G7+G8+G9 -> 1088727126 | H13: =H5+H7+H8+H9 -> 1140742789 | I13: =I5+I7+I8+I9 -> 1152014341 | ... L13: =L5+L7+L8+L9 -> 1235820152
A14: PP&E Ex L&B Change | B14: 78104881 | C14: =C13-B13 -> 44644512 | D14: =D13-C13 -> 42818705 | E14: =E13-D13 -> 70419679 | F14: =F13-E13 -> 32191340 | G14: =G13-F13 -> 32379299 | H14: =H13-G13 -> 52015663 | I14: =I13-H13 -> 11271552 | J14: =J13-I13 -> 36530352 | ... L14: =L13-K13 -> 15840047
A15: Leased Land | B15: 41796507 | C15: 41424958 | D15: 41424958 | E15: 44899234 | F15: 45528897 | G15: 54348413 | H15: 57568972 | I15: 60322338 | J15: 82896124 | K15: 91607085 | L15: 111407692
A16: Leased Buildings | B16: 168884878 | C16: 155165151 | D16: 155165151 | E16: 154498272 | F16: 170277547 | G16: 170700496 | H16: 179723671 | I16: 206833515 | J16: 217732283 | K16: 241280289 | L16: 286022850
A17: Leased Total | B17: =B15+B16 -> 210681385 | C17: =C15+C16 -> 196590109 | D17: =D15+D16 -> 196590109 | E17: =E15+E16 -> 199397506 | F17: =F15+F16 -> 215806444 | G17: =G15+G16 -> 225048909 | H17: =H15+H16 -> 237292643 | I17: =I15+I16 -> 267155853 | ... L17: =L15+L16 -> 397430542
A18: Land & Buildings - Leasehold | B18: =(B4+B6)-B9 -> 1231639716 | C18: =(C4+C6)-C9 -> 1270353622 | D18: =(D4+D6)-D9 -> 1293061511 | E18: =(E4+E6)-E9 -> 1336125546 | F18: =(F4+F6)-F9 -> 1393904640 | G18: =(G4+G6)-G9 -> 1469922409 | H18: =(H4+H6)-H9 -> 1529962919 | I18: =(I4+I6)-I9 -> 1604468913 | ... L18: =(L4+L6)-L9 -> 1810794543
A19: Land & Buildings | B19: =B4+B6 -> 1285526641 | C19: =C4+C6 -> 1323536725 | D19: =D4+D6 -> 1346964035 | E19: =E4+E6 -> 1390219311 | F19: =F4+F6 -> 1450466076 | G19: =G4+G6 -> 1524310361 | H19: =H4+H6 -> 1586418350 | I19: =I4+I6 -> 1664860980 | ... L19: =L4+L6 -> 1871745029
A20: Leased L&B Change | B20: - | C20: =C17-B17 -> -14091276 | D20: =D17-C17 -> 0 | E20: =E17-D17 -> 2807397 | F20: =F17-E17 -> 16408938 | G20: =G17-F17 -> 9242465 | H20: =H17-G17 -> 12243734 | I20: =I17-H17 -> 29863210 | J20: =J17-I17 -> 33472554 | ... L20: =L17-K17 -> 64543168
A21: Gross L&B Change | B21: - | C21: =C19-B19 -> 38010084 | D21: =D19-C19 -> 23427310 | E21: =E19-D19 -> 43255276 | F21: =F19-E19 -> 60246765 | G21: =G19-F19 -> 73844285 | H21: =H19-G19 -> 62107989 | I21: =I19-H19 -> 78442630 | J21: =J19-I19 -> 39783295 | ... L21: =L19-K19 -> 103737640
A22: Total Capex | C22: =C21+C14 -> 82654596 | D22: =D21+D14 -> 66246015 | E22: =E21+E14 -> 113674955 | F22: =F21+F14 -> 92438105 | G22: =G21+G14 -> 106223584 | H22: =H21+H14 -> 114123652 | I22: =I21+I14 -> 89714182 | J22: =J21+J14 -> 76313647 | ... L22: =L21+L14 -> 119577687
A23: Leaed & of Land & buildings | B23: - | C23: =C20/C21 -> -0.37072467 | D23: =D20/D21 -> 0 | E23: =E20/E21 -> 0.064902996 | F23: =F20/F21 -> 0.27236214 | G23: =G20/G21 -> 0.12516155 | H23: =H20/H21 -> 0.19713622 | I23: =I20/I21 -> 0.38070128 | J23: =J20/J21 -> 0.84137209 | ... L23: =L20/L21 -> 0.62217695
A24: L&B Vol - Leased | B24: - | C24: =C21 -> 38010084 | D24: =D21-D20 -> 23427310 | E24: =E21-E20 -> 40447879 | F24: =F21-F20 -> 43837827 | G24: =G21-G20 -> 64601820 | H24: =H21-H20 -> 49864255 | I24: =I21-I20 -> 48579420 | J24: =J21-J20 -> 6310741 | K24: =K21-K20 -> 31104147 | L24: =L21-L20 -> 39194472
A25: Land + Buildings Change + Adj Capex | B25: - | C25: =C21+C33 -> 82654596 | D25: =D21+D33 -> 66246015 | E25: =E21+E33 -> 113674955 | F25: =F21+F33 -> 92438105 | G25: =G21+G33 -> 106223584 | H25: =H21+H33 -> 114123652 | I25: =I21+I33 -> 89714182 | J25: =J21+J33 -> 76313647 | ... L25: =L21+L33 -> 119577687
A26: Free Cash Flow
A27: Year | B27: 2013 | C27: 2014 | D27: 2015 | E27: 2016 | F27: 2017 | G27: 2018 | H27: 2019 | I27: 2020 | J27: 2021 | K27: 2022 | L27: 2023
A28: Retail revenue | B28: 3559800000 | C28: 3683000000 | D28: 3635800000 | E28: 3656800000 | F28: 3860700000 | G28: 3971400000 | H28: 4071400000 | I28: 4482100000 | J28: 4832000000 | K28: 5475700000 | L28: 5663900000
A29: Net Income | B29: 20795890 | C29: 51426454 | D29: 59353123 | E29: 54189466 | F29: 53873580 | G29: 97364628 | H29: 81580002 | I29: 178601433 | J29: 249731458 | K29: 272758928 | L29: 210811959
A30: Depreciation | B30: 97663587 | C30: 102876964 | D30: 102876964 | E30: 106587686 | F30: 110929378 | G30: 113082675 | H30: 112520100 | I30: 116282239 | J30: 117103658 | K30: 117801654 | L30: 115979172
A31: Ingles Leasing Depreciation | B31: 5220102 | C31: 5363637 | D31: 5019873 | E31: 4936485 | F31: 5255719 | G31: 5132805 | H31: 5183712 | I31: 5278540 | J31: 5855749 | K31: 6318888 | L31: 7788344
A32: Ingles Suprermarkets Depreciation Net of IL | B32: =B30-B31 -> 92443485 | C32: =C30-C31 -> 97513327 | D32: =D30-D31 -> 97857091 | E32: =E30-E31 -> 101651201 | F32: =F30-F31 -> 105673659 | G32: =G30-G31 -> 107949870 | H32: =H30-H31 -> 107336388 | I32: =I30-I31 -> 111003699 | ... L32: =L30-L31 -> 108190828
A33: Capex Ex Real Estate Acquisitions | B33: =B14 -> 78104881 | C33: =C14 -> 44644512 | D33: =D14 -> 42818705 | E33: =E14 -> 70419679 | F33: =F14 -> 32191340 | G33: =G14 -> 32379299 | H33: =H14 -> 52015663 | I33: =I14 -> 11271552 | ... L33: =L14 -> 15840047
A34: Adjusted EBIT
A35: Ingles Supermarkets Capex Adj EBITDA | B35: =B32-B33 -> 14338604 | C35: =C32-C33 -> 52868815 | D35: =D32-D33 -> 55038386 | E35: =E32-E33 -> 31231522 | F35: =F32-F33 -> 73482319 | G35: =G32-G33 -> 75570571 | H35: =H32-H33 -> 55320725 | I35: =I32-I33 -> 99732147 | ... L35: =L32-L33 -> 92350781
A36: Retail EBIT | B36: 114000000 | C36: 112000000 | D36: 126100000 | E36: 112900000 | F36: 112000000 | G36: 111200000 | H36: 135400000 | I36: 264400000 | J36: 327600000 | K36: 353000000 | L36: 173350000
A37: Retail EBITDA | B37: =B36+B35 -> 128338604 | C37: =C36+C35 -> 164868815 | D37: =D36+D35 -> 181138386 | E37: =E36+E35 -> 144131522 | F37: =F36+F35 -> 185482319 | G37: =G36+G35 -> 186770571 | H37: =H36+H35 -> 190720725 | I37: =I36+I35 -> 364132147 | ... L37: =L36+L35 -> 265700781
A38: Retail EBITDA Capex Adj EBITDA Margin | B38: =B35/B28 -> 0.004027924 | C38: =C35/C28 -> 0.014354824 | D38: =D35/D28 -> 0.015137903 | E38: =E35/E28 -> 0.00854067 | F38: =F35/F28 -> 0.019033419 | G38: =G35/G28 -> 0.019028698 | H38: =H35/H28 -> 0.013587642 | I38: =I35/I28 -> 0.02225121 | ... L38: =L35/L28 -> 0.016305157
A39: Retail EBITDA Margin | B39: - | C39: =C37/C28 -> 0.044764815 | D39: =D37/D28 -> 0.049820778 | E39: =E37/E28 -> 0.039414658 | F39: =F37/F28 -> 0.048043702 | G39: =G37/G28 -> 0.047028899 | H39: =H37/H28 -> 0.046844016 | I39: =I37/I28 -> 0.081241415 | J39: =J37/J28 -> 0.083261084 | ... L39: =L37/L28 -> 0.046911277
A40: Capex Incl RS Acquisitions | B40: - | C40: =C33+C21 -> 82654596 | D40: =D33+D21 -> 66246015 | E40: =E33+E21 -> 113674955 | F40: =F33+F21 -> 92438105 | G40: =G33+G21 -> 106223584 | H40: =H33+H21 -> 114123652 | I40: =I33+I21 -> 89714182 | J40: =J33+J21 -> 76313647 | ... L40: =L33+L21 -> 119577687
A41: CWC | B41: -18300000 | C41: 8600000 | D41: 5600000 | E41: 7400000 | F41: 50300000 | G41: -18900000 | H41: -52800000 | I41: 53100000 | J41: 42300000 | K41: 56700000 | L41: -17700000
A42: PP&E Sale Proceeds | B42: - | C42: 434061 | D42: 4376011 | E42: 758529 | F42: 2335726 | G42: 2340027 | H42: 8958466 | I42: 5413781 | J42: 17612326 | K42: 2618907 | L42: 3495707
A43: Reported Capex | B43: - | C43: 108300000 | D43: 104100000 | E43: 137600000 | F43: 127700000 | G43: 150500000 | H43: 161800000 | I43: 122800000 | J43: 140600000 | K43: 119600000 | L43: 173600000
A44: Reported FCF | B44: - | C44: =(C29+C30)-C43+C41 -> 54603418 | D44: =(D29+D30)-D43+D41 -> 63730087 | E44: =(E29+E30)-E43+E41 -> 30577152 | F44: =(F29+F30)-F43+F41 -> 87402958 | G44: =(G29+G30)-G43+G41 -> 41047303 | H44: =(H29+H30)-H43+H41 -> -20499898 | I44: =(I29+I30)-I43+I41 -> 225183672 | J44: =(J29+J30)-J43+J41 -> 268535116 | ... L44: =(L29+L30)-L43+L41 -> 135491131
A45: Gross FCF | B45: - | C45: =(C29+C30)-C40+C41 -> 80248822 | D45: =(D29+D30)-D40+D41 -> 101584072 | E45: =(E29+E30)-E40+E41 -> 54502197 | F45: =(F29+F30)-F40+F41 -> 122664853 | G45: =(G29+G30)-G40+G41 -> 85323719 | H45: =(H29+H30)-H40+H41 -> 27176450 | I45: =(I29+I30)-I40+I41 -> 258269490 | J45: =(J29+J30)-J40+J41 -> 332821469 | ... L45: =(L29+L30)-L40+L41 -> 189513444
A46: Acquisition Adj FCF | B46: - | C46: =C29+C30-C33+C41 -> 118258906 | D46: =D29+D30-D33+D41 -> 125011382 | E46: =E29+E30-E33+E41 -> 97757473 | F46: =F29+F30-F33+F41 -> 182911618 | G46: =G29+G30-G33+G41 -> 159168004 | H46: =H29+H30-H33+H41 -> 89284439 | I46: =I29+I30-I33+I41 -> 336712120 | J46: =J29+J30-J33+J41 -> 372604764 | ... L46: =L29+L30-L33+L41 -> 293251084
A47: Total Debt | B47: 893514238 | C47: 924771343 | D47: 882691471 | E47: 866473465 | F47: 865659744 | G47: 852739760 | H47: 839637691 | I47: 586198360 | J47: 571913204 | K47: 554287420 | L47: 532631960
A48: Change in Debt | B48: - | C48: =C47-B47 -> 31257105 | D48: =D47-C47 -> -42079872 | E48: =E47-D47 -> -16218006 | F48: =F47-E47 -> -813721 | G48: =G47-F47 -> -12919984 | H48: =H47-G47 -> -13102069 | I48: =I47-H47 -> -253439331 | J48: =J47-I47 -> -14285156 | ... L48: =L47-K47 -> -21655460
A49: Total Shares | B49: 22759776 | C49: 20259776 | D49: 20259776 | E49: 20259776 | F49: 20259776 | G49: 20259776 | H49: 20259776 | I49: 20259776 | J49: 18994376 | K49: 18994376 | L49: 18994376
A50: Change in Shares | B50: - | C50: =C49-B49 -> -2500000 | D50: =D49-C49 -> 0 | E50: =E49-D49 -> 0 | F50: =F49-E49 -> 0 | G50: =G49-F49 -> 0 | H50: =H49-G49 -> 0 | I50: =I49-H49 -> 0 | J50: =J49-I49 -> -1265400 | K50: =K49-J49 -> 0 | L50: 0
A51: Buyback cost | B51: - | C51: 65000000 | D51: 0 | E51: 0 | F51: 0 | G51: 0 | H51: 0 | I51: 0 | J51: 79998588 | K51: 0 | L51: 0
A52: CapIQ Levered FCF (MM) | B52: 55.1 | C52: 46.5 | D52: 15.6 | E52: 25.2 | F52: -39.9 | G52: 32.6 | H52: 193.8 | I52: 120.8 | J52: 177.2 | K52: 52.9 | L52: 72
A53: RS Acquisition Share of Adj FCF | B53: - | C53: =C21/C46 -> 0.32141414 | D53: =D21/D46 -> 0.18740142 | E53: =E21/E46 -> 0.44247539 | F53: =F21/F46 -> 0.32937637 | G53: =G21/G46 -> 0.46393925 | H53: =H21/H46 -> 0.69561941 | I53: =I21/I46 -> 0.23296646 | J53: =J21/J46 -> 0.10677076 | ... L53: =L21/L46 -> 0.35375024
A54: Cap Allocated to BBs, RS, Debt Ret., Dividends | B54: - | C54: =C21-C48 -> 6752979 | D54: =D21-D48 -> 65507182 | E54: =E21-E48 -> 59473282 | F54: =F21-F48 -> 61060486 | G54: =G21-G48 -> 86764269 | H54: =H21-H48 -> 75210058 | I54: =I21-I48 -> 331881961 | J54: =J21-J48 -> 54068451 | ... L54: =L21-L48 -> 125393100
A55: RS Acquisition Adj FCF | B55: - | C55: =C46 -> 118258906 | D55: =D46 -> 125011382 | E55: =E46 -> 97757473 | F55: =F46 -> 182911618 | G55: =G46 -> 159168004 | H55: =H46 -> 89284439 | I55: =I46 -> 336712120 | J55: =J46 -> 372604764 | ... L55: =L46 -> 293251084
A56: Gross FCF | B56: - | C56: =C45 -> 80248822 | D56: =D45 -> 101584072 | E56: =E45 -> 54502197 | F56: =F45 -> 122664853 | G56: =G45 -> 85323719 | H56: =H45 -> 27176450 | I56: =I45 -> 258269490 | J56: =J45 -> 332821469 | ... L56: =L45 -> 189513444
A57: EBITDA | B57: 216200000 | C57: 220200000 | D57: 239900000 | E57: 236400000 | F57: 237400000 | G57: 237200000 | H57: 260700000 | I57: 392800000 | J57: 457200000 | K57: 493400000 | L57: 405500000
A58: Inflation Adjusted EBITDA | C58: 220200000 | D58: 239900000 | E58: 236400000 | F58: 237400000 | G58: 237200000 | H58: 260700000 | I58: 286000000 | J58: 309000000 | K58: 352000000 | L58: 405500000
A59: Tax | B59: - | C59: 28.4 | D59: 35.1 | E59: 30.4 | F59: 30.4 | G59: -17 | H59: 25 | I59: 56.4 | J59: 77.9 | K59: 88.5 | L59: 67.7
A60: Interest expense | B60: - | C60: 46.6 | D60: 47 | E60: 46.3 | F60: 47.5 | G60: 47.6 | H60: 47.4 | I60: 40.5 | J60: 24.3 | K60: 21.5 | L60: 22.1
A61: EBDA | B61: - | C61: =C57-C59-C60 -> 220199925 | D61: =D57-D59-D60 -> 2.3989992e+08 | E61: =E57-E59-E60 -> 2.3639992e+08 | F61: =F57-F59-F60 -> 2.3739992e+08 | G61: =G57-G59-G60 -> 2.3719997e+08 | H61: =H57-H59-H60 -> 2.6069993e+08 | I61: =I57-I59-I60 -> 3.927999e+08 | J61: =J57-J59-J60 -> 4.571999e+08 | ... L61: =L57-L59-L60 -> 4.0549991e+08
A62: Change in Land & Buildings % of EBITDA | B62: - | C62: =C21/C57 -> 0.17261619 | D62: =D21/D57 -> 0.097654481 | E62: =E21/E57 -> 0.18297494 | F62: =F21/F57 -> 0.25377744 | G62: =G21/G57 -> 0.31131655 | H62: =H21/H57 -> 0.23823548 | I62: =I21/I57 -> 0.1997012 | J62: =J21/J57 -> 0.087015081 | ... L62: =L21/L57 -> 0.25582649
A63: Change in Land & Buildings % of Adj EBITDA | C63: =C21/C58 -> 0.17261619 | D63: =D21/D58 -> 0.097654481 | E63: =E21/E58 -> 0.18297494 | F63: =F21/F58 -> 0.25377744 | G63: =G21/G58 -> 0.31131655 | H63: =H21/H58 -> 0.23823548 | I63: =I21/I58 -> 0.27427493 | J63: =J21/J58 -> 0.12874853 | ... L63: =L21/L58 -> 0.25582649
A64: Gross Capex | B64: =B14 -> 78104881 | C64: =C14 -> 44644512 | D64: =D14 -> 42818705 | E64: =E14 -> 70419679 | F64: =F14 -> 32191340 | G64: =G14 -> 32379299 | H64: =H14 -> 52015663 | I64: =I14 -> 11271552 | ... L64: =L14 -> 15840047
A65: Capex Adj EBITDA | B65: =B57-B64 -> 138095119 | C65: =C57-C64 -> 175555488 | D65: =D57-D64 -> 197081295 | E65: =E57-E64 -> 165980321 | F65: =F57-F64 -> 205208660 | G65: =G57-G64 -> 204820701 | H65: =H57-H64 -> 208684337 | I65: =I57-I64 -> 381528448 | ... L65: =L57-L64 -> 389659953
A66: Inles Leasing % of Capex Adj EBITDA | B66: ='DairyShopping Center Economics'!B26/B65 -> 0.045754579 | C66: ='DairyShopping Center Economics'!C26/C65 -> 0.035454551 | D66: ='DairyShopping Center Economics'!D26/D65 -> 0.030521014 | E66: ='DairyShopping Center Economics'!E26/E65 -> 0.038977554 | F66: ='DairyShopping Center Economics'!F26/F65 -> 0.031803058 | G66: ='DairyShopping Center Economics'!G26/G65 -> 0.039591223 | H66: ='DairyShopping Center Economics'!H26/H65 -> 0.054916838 | I66: ='DairyShopping Center Economics'!I26/I65 -> 0.028423873 | ... L66: ='DairyShopping Center Economics'!L26/L65 -> 0.054960026

Sheet Ingles Economics
A1: Ingles Markets Segment Economics
A2: Revenue
A3: Year | B3: 2013 | C3: 2014 | D3: 2015 | E3: 2016 | F3: 2017 | G3: 2018 | H3: 2019 | I3: 2020 | J3: 2021 | K3: 2022 | L3: 2023 | M3: 1-Year Change | N3: 2-Year Change | O3: 3-Year Change | P3: 4-Year Change | Q3: 5-Year Change | R3: 10-Year Change | S3: Notes
A4: Grocery | B4: 1424.9 | C4: 1397.9 | D4: 1387.2 | E4: 1392.3 | F4: 1424.9 | G4: 1413.1 | H4: 1443.4 | I4: 1694 | J4: 1762.9 | K4: 1940.4 | L4: 2062.4 | M4: =(L4-K4)/K4 -> 0.062873634 | N4: =(L4-J4)/J4 -> 0.16989052 | O4: =(L4-I4)/I4 -> 0.21747344 | P4: =(L4-H4)/H4 -> 0.42884855 | Q4: =(L4-G4)/G4 -> 0.45948624 | R4: =(L4-B4)/B4 -> 0.44739982
A5: Non-foods | B5: 707.2 | C5: 729.9 | D5: 769.2 | E5: 817.2 | F5: 858.4 | G5: 874.7 | H5: 936.2 | I5: 1067 | J5: 1136.3 | K5: 1204.5 | L5: 1326.9 | M5: =(L5-K5)/K5 -> 0.10161893 | N5: =(L5-J5)/J5 -> 0.16773739 | O5: =(L5-I5)/I5 -> 0.24358013 | P5: =(L5-H5)/H5 -> 0.41732536 | Q5: =(L5-G5)/G5 -> 0.51697725 | R5: =(L5-B5)/B5 -> 0.87627262
A6: Perishables | B6: 899 | C6: 937.4 | D6: 981.2 | E6: 1011.7 | F6: 1061.6 | G6: 1078.7 | H6: 1110.7 | I6: 1261.5 | J6: 1349.1 | K6: 1445 | L6: 1482.1 | M6: =(L6-K6)/K6 -> 0.02567474 | N6: =(L6-J6)/J6 -> 0.098584241 | O6: =(L6-I6)/I6 -> 0.17487119 | P6: =(L6-H6)/H6 -> 0.33438372 | Q6: =(L6-G6)/G6 -> 0.37396867 | R6: =(L6-B6)/B6 -> 0.64860957
A7: Fuel | B7: 568.7 | C7: 618.1 | D7: 498.2 | E7: 435.6 | F7: 515.8 | G7: 604.9 | H7: 581.1 | I7: 459.6 | J7: 583.7 | K7: 885.8 | L7: 792.5 | M7: =(L7-K7)/K7 -> -0.10532852 | N7: =(L7-J7)/J7 -> 0.35771801 | O7: =(L7-I7)/I7 -> 0.7243255 | P7: =(L7-H7)/H7 -> 0.36379281 | Q7: =(L7-G7)/G7 -> 0.31013391 | R7: =(L7-B7)/B7 -> 0.3935291
A8: Total Retail | B8: =SUM(B4:B7) -> 3599.8 | C8: =SUM(C4:C7) -> 3683.3 | D8: =SUM(D4:D7) -> 3635.8 | E8: =SUM(E4:E7) -> 3656.8 | F8: =SUM(F4:F7) -> 3860.7 | G8: =SUM(G4:G7) -> 3971.4 | H8: =SUM(H4:H7) -> 4071.4 | I8: =SUM(I4:I7) -> 4482.1 | ... L8: =SUM(L4:L7) -> 5663.9 | M8: =(L8-K8)/K8 -> 0.034370035 | N8: =(L8-J8)/J8 -> 0.17216474 | O8: =(L8-I8)/I8 -> 0.26367105 | P8: =(L8-H8)/H8 -> 0.3911431 | Q8: =(L8-G8)/G8 -> 0.42617213 | R8: =(L8-B8)/B8 -> 0.57339297
A9: Other | B9: 138.7 | C9: 152.7 | D9: 142.8 | E9: 138.2 | F9: 142 | G9: 121.4 | H9: 130.6 | I9: 128.5 | J9: 156 | K9: 203.1 | L9: 228.9 | M9: =(L9-K9)/K9 -> 0.12703102 | N9: =(L9-J9)/J9 -> 0.46730769 | O9: =(L9-I9)/I9 -> 0.78132296 | P9: =(L9-H9)/H9 -> 0.75267994 | Q9: =(L9-G9)/G9 -> 0.88550247 | R9: =(L9-B9)/B9 -> 0.65032444
A10: Consolidated Total | B10: 3738.5 | C10: 3836 | D10: 3778.6 | E10: 3795 | F10: 4002.7 | G10: 4092.8 | H10: 4202 | I10: 4610.6 | J10: 4988 | K10: 5678.8 | L10: 5892.8 | M10: =(L10-K10)/K10 -> 0.037684018 | N10: =(L10-J10)/J10 -> 0.18139535 | O10: =(L10-I10)/I10 -> 0.2780983 | P10: =(L10-H10)/H10 -> 0.40237982 | Q10: =(L10-G10)/G10 -> 0.43979672 | R10: =(L10-B10)/B10 -> 0.57624716
A11: % of Other | B11: =B9/B10 -> 0.037100441 | C11: =C9/C10 -> 0.039807091 | D11: =D9/D10 -> 0.037791775 | E11: =E9/E10 -> 0.036416337 | F11: =F9/F10 -> 0.035476054 | G11: =G9/G10 -> 0.029661845 | H11: =H9/H10 -> 0.031080438 | I11: =I9/I10 -> 0.027870559 | ... L11: =L9/L10 -> 0.038844013 | M11: =(L11-K11)/K11 -> 0.08610232 | N11: =(L11-J11)/J11 -> 0.24201242 | O11: =(L11-I11)/I11 -> 0.39372923 | P11: =(L11-H11)/H11 -> 0.24978976 | Q11: =(L11-G11)/G11 -> 0.30956159 | R11: =(L11-B11)/B11 -> 0.046995982
A12: Retail Revenue GR | B12: -% | C12: =(C8-B8)/B8 -> 0.023195733 | D12: =(D8-C8)/C8 -> -0.012896044 | E12: =(E8-D8)/D8 -> 0.0057758953 | F12: =(F8-E8)/E8 -> 0.055759134 | G12: =(G8-F8)/F8 -> 0.028673557 | H12: =(H8-G8)/G8 -> 0.025180037 | I12: =(I8-H8)/H8 -> 0.10087439 | J12: =(J8-I8)/I8 -> 0.078066085 | ... L12: =(L8-K8)/K8 -> 0.034370035 | M12: - | N12: - | O12: - | P12: - | Q12: - | R12: -
A13: Retail EBIT GR | B13: -% | C13: =(C15-B15)/B15 -> -0.020979021 | D13: =(D15-C15)/C15 -> 0.12589286 | E13: =(E15-D15)/D15 -> -0.10467883 | F13: =(F15-E15)/E15 -> -0.0079716563 | G13: =(G15-F15)/F15 -> -0.0071428571 | H13: =(H15-G15)/G15 -> 0.2176259 | I13: =(I15-H15)/H15 -> 0.95273264 | J13: =(J15-I15)/I15 -> 0.23903177 | ... L13: =(L15-K15)/K15 -> -0.50892351 | M13: - | N13: - | O13: - | P13: - | Q13: - | R13: -
A14: Segment EBIT
A15: Retail | B15: 114.4 | C15: 112 | D15: 126.1 | E15: 112.9 | F15: 112 | G15: 111.2 | H15: 135.4 | I15: 264.4 | J15: 327.6 | K15: 353 | L15: 173.35 | M15: =(L15-K15)/K15 -> -0.50892351 | N15: =(L15-J15)/J15 -> -0.4708486 | O15: =(L15-I15)/I15 -> -0.3443646 | P15: =(L15-H15)/H15 -> 0.28028065 | Q15: =(L15-G15)/G15 -> 0.55890288 | R15: =(L15-B15)/B15 -> 0.5152972
A16: Other | B16: 11.1 | C16: 11.4 | D16: 13.1 | E16: 15.7 | F16: 15.9 | G16: 13.6 | H16: 16.8 | I16: 16.5 | J16: 22.5 | K16: 23.9 | L16: 29.1 | M16: =(L16-K16)/K16 -> 0.21757322 | N16: =(L16-J16)/J16 -> 0.29333333 | O16: =(L16-I16)/I16 -> 0.76363636 | P16: =(L16-H16)/H16 -> 0.73214286 | Q16: =(L16-G16)/G16 -> 1.1397059 | R16: =(L16-B16)/B16 -> 1.6216216
A17: Total EBIT | B17: 121.3 | C17: 122.5 | D17: 137 | E17: 129.8 | F17: 126.4 | G17: 124.1 | H17: 148.1 | I17: 276.5 | J17: 340.1 | K17: 375.6 | L17: =L15+L16 -> 202.45 | M17: =(L17-K17)/K17 -> -0.46099574 | N17: =(L17-J17)/J17 -> -0.4047339 | O17: =(L17-I17)/I17 -> -0.26781193 | P17: =(L17-H17)/H17 -> 0.36698177 | Q17: =(L17-G17)/G17 -> 0.63134569 | R17: =(L17-B17)/B17 -> 0.66900247
A18: Other % of total | B18: =B16/B17 -> 0.091508656 | C18: =C16/C17 -> 0.093061224 | D18: =D16/D17 -> 0.095620438 | E18: =E16/E17 -> 0.12095532 | F18: =F16/F17 -> 0.12579114 | G18: =G16/G17 -> 0.10958904 | H18: =H16/H17 -> 0.11343687 | I18: =I16/I17 -> 0.059674503 | ... L18: =L16/L17 -> 0.14373919 | M18: =(L18-K18)/K18 -> 1.2589306 | N18: =(L18-J18)/J18 -> 1.1726978 | O18: =(L18-I18)/I18 -> 1.4087204 | P18: =(L18-H18)/H18 -> 0.26712945 | Q18: =(L18-G18)/G18 -> 0.31162015 | R18: =(L18-B18)/B18 -> 0.57077156
A19: Total EBIT Margin | B19: =B17/B10 -> 0.032446168 | C19: =C17/C10 -> 0.031934307 | D19: =D17/D10 -> 0.036256815 | E19: =E17/E10 -> 0.034202899 | F19: =F17/F10 -> 0.031578684 | G19: =G17/G10 -> 0.03032154 | H19: =H17/H10 -> 0.035245121 | I19: =I17/I10 -> 0.059970503 | ... L19: =L17/L10 -> 0.034355485 | M19: =(L19-K19)/K19 -> -0.48056995 | N19: =(L19-J19)/J19 -> -0.49613303 | O19: =(L19-I19)/I19 -> -0.42712695 | P19: =(L19-H19)/H19 -> -0.025241414 | Q19: =(L19-G19)/G19 -> 0.1330389 | R19: =(L19-B19)/B19 -> 0.058845667
A20: Total Adj EBIT | B20: =5.22+B17 -> 126.52 | C20: =C17+5.364 -> 127.864 | D20: =5.02+D17 -> 142.02 | E20: =4.94+E17 -> 134.74 | F20: =5.26+F17 -> 131.66 | G20: =5.13+G17 -> 129.23 | H20: =5.183+H17 -> 153.283 | I20: =5.279+I17 -> 281.779 | J20: =5.856+J17 -> 345.956 | K20: =6.319+K17 -> 381.919 | L20: =7.79+L17 -> 210.24 | M20: =(L20-K20)/K20 -> -0.44951678 | N20: =(L20-J20)/J20 -> -0.39229266 | O20: =(L20-I20)/I20 -> -0.25388336 | P20: =(L20-H20)/H20 -> 0.37158067 | Q20: =(L20-G20)/G20 -> 0.62686683 | R20: =(L20-B20)/B20 -> 0.66171356
A21: Total Adj EBIT Margin | B21: =B20/B10 -> 0.03384245 | C21: =C20/C10 -> 0.033332638 | D21: =D20/D10 -> 0.037585349 | E21: =E20/E10 -> 0.035504611 | F21: =F20/F10 -> 0.032892797 | G21: =G20/G10 -> 0.031574961 | H21: =H20/H10 -> 0.036478582 | I21: =I20/I10 -> 0.061115473 | ... L21: =L20/L10 -> 0.035677437 | M21: =(L21-K21)/K21 -> -0.46950786 | N21: =(L21-J21)/J21 -> -0.48560206 | O21: =(L21-I21)/I21 -> -0.41622906 | P21: =(L21-H21)/H21 -> -0.021962059 | Q21: =(L21-G21)/G21 -> 0.12992814 | R21: =(L21-B21)/B21 -> 0.054221449
A22: EBIT Margin
A23: Retail Margin | B23: =B15/B8 -> 0.031779543 | C23: =C15/C8 -> 0.030407515 | D23: =D15/D8 -> 0.034682876 | E23: =E15/E8 -> 0.030873988 | F23: =F15/F8 -> 0.029010283 | G23: =G15/G8 -> 0.028000201 | H23: =H15/H8 -> 0.033256374 | I23: =I15/I8 -> 0.058990205 | ... L23: =L15/L8 -> 0.030606119 | M23: =(L23-K23)/K23 -> -0.525241 | N23: =(L23-J23)/J23 -> -0.54856908 | O23: =(L23-I23)/I23 -> -0.48116608 | P23: =(L23-H23)/H23 -> -0.079691619 | Q23: =(L23-G23)/G23 -> 0.093067831 | R23: =(L23-B23)/B23 -> -0.036923874 | S23: Retail margin pre-covid is 3.11%, 33.12% lower than pre-covid. Normalizing to pre-covid averages, EBIT would be $213.5MM. Dairy margins 10.2% but steadily increasing pre-covid. EBIT dairy margins stabalized?
A24: Other Margin | B24: =B16/B9 -> 0.080028839 | C24: =C16/C9 -> 0.074656189 | D24: =D16/D9 -> 0.091736695 | E24: =E16/E9 -> 0.11360347 | F24: =F16/F9 -> 0.11197183 | G24: =G16/G9 -> 0.11202636 | H24: =H16/H9 -> 0.12863706 | I24: =I16/I9 -> 0.12840467 | ... L24: =L16/L9 -> 0.12712975 | M24: =(L24-K24)/K24 -> 0.080336922 | N24: =(L24-J24)/J24 -> -0.11856706 | O24: =(L24-I24)/I24 -> -0.009928909 | P24: =(L24-H24)/H24 -> -0.011717531 | Q24: =(L24-G24)/G24 -> 0.13481998 | R24: =(L24-B24)/B24 -> 0.58854923
A25: Store Growth
A26: North Carolina | B26: 70 | C26: 71 | D26: 71 | E26: 70 | F26: 70 | G26: 72 | H26: 73 | I26: 73 | J26: 75 | K26: 75 | L26: 75 | M26: =(L26-K26)/K26 -> 0 | N26: =(L26-J26)/J26 -> 0 | O26: =(L26-I26)/I26 -> 0.02739726 | P26: =(L26-H26)/H26 -> 0.02739726 | Q26: =(L26-G26)/G26 -> 0.041666667 | R26: =(L26-B26)/B26 -> 0.071428571
A27: South Carolina | B27: 36 | C27: 36 | D27: 36 | E27: 36 | F27: 36 | G27: 36 | H27: 36 | I27: 35 | J27: 35 | K27: 35 | L27: 35 | M27: =(L27-K27)/K27 -> 0 | N27: =(L27-J27)/J27 -> 0 | O27: =(L27-I27)/I27 -> 0 | P27: =(L27-H27)/H27 -> -0.027777778 | Q27: =(L27-G27)/G27 -> -0.027777778 | R27: =(L27-B27)/B27 -> -0.027777778
A28: Georgia | B28: 73 | C28: 71 | D28: 71 | E28: 71 | F28: 70 | G28: 69 | H28: 66 | I28: 66 | J28: 65 | K28: 65 | L28: 65 | M28: =(L28-K28)/K28 -> 0 | N28: =(L28-J28)/J28 -> 0 | O28: =(L28-I28)/I28 -> -0.015151515 | P28: =(L28-H28)/H28 -> -0.015151515 | Q28: =(L28-G28)/G28 -> -0.057971014 | R28: =(L28-B28)/B28 -> -0.10958904
A29: Tennessee | B29: 21 | C29: 21 | D29: 20 | E29: 21 | F29: 21 | G29: 21 | H29: 21 | I29: 21 | J29: 21 | K29: 21 | L29: 21 | M29: =(L29-K29)/K29 -> 0 | N29: =(L29-J29)/J29 -> 0 | O29: =(L29-I29)/I29 -> 0 | P29: =(L29-H29)/H29 -> 0 | Q29: =(L29-G29)/G29 -> 0 | R29: =(L29-B29)/B29 -> 0
A30: Virginia | B30: 2 | C30: 2 | D30: 2 | E30: 2 | F30: 1 | G30: 1 | H30: 1 | I30: 1 | J30: 1 | K30: 1 | L30: 1 | M30: =(L30-K30)/K30 -> 0 | N30: =(L30-J30)/J30 -> 0 | O30: =(L30-I30)/I30 -> 0 | P30: =(L30-H30)/H30 -> 0 | Q30: =(L30-G30)/G30 -> 0 | R30: =(L30-B30)/B30 -> -0.5
A31: Alabama | B31: 1 | C31: 1 | D31: 1 | E31: 1 | F31: 1 | G31: 1 | H31: 1 | I31: 1 | J31: 1 | K31: 1 | L31: 1 | M31: =(L31-K31)/K31 -> 0 | N31: =(L31-J31)/J31 -> 0 | O31: =(L31-I31)/I31 -> 0 | P31: =(L31-H31)/H31 -> 0 | Q31: =(L31-G31)/G31 -> 0 | R31: =(L31-B31)/B31 -> 0
A32: Total | B32: =SUM(B26:B31) -> 203 | C32: =SUM(C26:C31) -> 202 | D32: =SUM(D26:D31) -> 201 | E32: =SUM(E26:E31) -> 201 | F32: =SUM(F26:F31) -> 199 | G32: =SUM(G26:G31) -> 200 | H32: =SUM(H26:H31) -> 198 | I32: =SUM(I26:I31) -> 197 | ... L32: =SUM(L26:L31) -> 198 | M32: =(L32-K32)/K32 -> 0 | N32: =(L32-J32)/J32 -> 0 | O32: =(L32-I32)/I32 -> 0.0050761421 | P32: =(L32-H32)/H32 -> 0 | Q32: =(L32-G32)/G32 -> -0.01 | R32: =(L32-B32)/B32 -> -0.024630542
A33: Sales Per Square-Foot
A34: Weighted Avg SPS (000's) | B34: 17728 | C34: 18267 | D34: 18003 | E34: 18107 | F34: 19133 | G34: 19674 | H34: 20189 | I34: 22215 | J34: 23926 | K34: 27622 | L34: 28565 | M34: =(L34-K34)/K34 -> 0.034139454 | N34: =(L34-J34)/J34 -> 0.19388949 | O34: =(L34-I34)/I34 -> 0.2858429 | P34: =(L34-H34)/H34 -> 0.41487939 | Q34: =(L34-G34)/G34 -> 0.45191623 | R34: =(L34-B34)/B34 -> 0.61129287
A35: Sqft Year-End (000's) | B35: 11076 | C35: 11063 | D35: 11049 | E35: 11117 | F35: 11173 | G35: 11329 | H35: 11247 | I35: 11256 | J35: 11342 | K35: 11342 | L35: 11403 | M35: =(L35-K35)/K35 -> 0.0053782402 | N35: =(L35-J35)/J35 -> 0.0053782402 | O35: =(L35-I35)/I35 -> 0.013059701 | P35: =(L35-H35)/H35 -> 0.013870365 | Q35: =(L35-G35)/G35 -> 0.0065319093 | R35: =(L35-B35)/B35 -> 0.029523294
A36: Avg Sqft/Store | B36: 54561 | C36: 54770 | D36: 54974 | E36: 55310 | F36: 56146 | G36: 56643 | H36: 56806 | I36: 57138 | J36: 57281 | K36: 57281 | L36: 57589 | M36: =(L36-K36)/K36 -> 0.0053770011 | N36: =(L36-J36)/J36 -> 0.0053770011 | O36: =(L36-I36)/I36 -> 0.0078931709 | P36: =(L36-H36)/H36 -> 0.013783755 | Q36: =(L36-G36)/G36 -> 0.016701093 | R36: =(L36-B36)/B36 -> 0.055497517
A37: Avg Selling Space/Store | B37: 38193 | C37: 38339 | D37: 38482 | E37: 38717 | F37: 39302 | G37: 39650 | H37: 39765 | I37: 39997 | J37: 40097 | K37: 40097 | L37: 40313 | M37: =(L37-K37)/K37 -> 0.0053869367 | N37: =(L37-J37)/J37 -> 0.0053869367 | O37: =(L37-I37)/I37 -> 0.0079005925 | P37: =(L37-H37)/H37 -> 0.013780963 | Q37: =(L37-G37)/G37 -> 0.016721311 | R37: =(L37-B37)/B37 -> 0.055507554
A38: Avg Sales/Sqft of Selling Space | B38: 465 | C38: 476 | D38: 470 | E38: 471 | F38: 494 | G38: 502 | H38: 516 | I38: 568 | J38: 609 | K38: 689 | L38: 709 | M38: =(L38-K38)/K38 -> 0.029027576 | N38: =(L38-J38)/J38 -> 0.16420361 | O38: =(L38-I38)/I38 -> 0.24823944 | P38: =(L38-H38)/H38 -> 0.37403101 | Q38: =(L38-G38)/G38 -> 0.4123506 | R38: =(L38-B38)/B38 -> 0.52473118

Sheet DairyShopping Center Economics
A1: Milkco/Ingles Leasing Economics
A2: "Other" Consolidated
A3: Year | B3: 2013 | C3: 2014 | D3: 2015 | E3: 2016 | F3: 2017 | G3: 2018 | H3: 2019 | I3: 2020 | J3: 2021 | K3: 2022 | L3: 2023 | M3: 9 Months Q3 2023 | N3: 9 Months YTD | O3: Total Change
A4: Other Revenue | B4: 138700000 | C4: 152700000 | D4: 142800000 | E4: 138200000 | F4: 142000000 | G4: 121400000 | H4: 130600000 | I4: 128500000 | J4: 156000000 | K4: 203100000 | L4: 228900000 | M4: 170167000 | N4: 162198000 | O4: =(L4-B4)/B4 -> 0.65032444
A5: Other EBIT | B5: 11100000 | C5: 11400000 | D5: 13100000 | E5: 15700000 | F5: 15900000 | G5: 13600000 | H5: 16800000 | I5: 16500000 | J5: 22500000 | K5: 23900000 | L5: 29100000 | M5: 22072000 | N5: 18909000 | O5: =(L5-B5)/B5 -> 1.6216216
A6: Adj. Other Ebit | B6: =B5+B23 -> 16320102 | C6: =C5+C23 -> 16763637 | D6: =D5+D23 -> 18119873 | E6: =E5+E23 -> 20636485 | F6: =F5+F23 -> 21155719 | G6: =G5+G23 -> 18732805 | H6: =H5+H23 -> 21983712 | I6: =I5+I23 -> 21778540 | ... N6: =N5+N23 -> 24963656 | O6: =(L6-B6)/B6 -> 1.2603011
A7: Adj Other EBITM | B7: =B6/B4 -> 0.11766476 | C7: =C6/C4 -> 0.10978151 | D7: =D6/D4 -> 0.12688987 | E7: =E6/E4 -> 0.14932334 | F7: =F6/F4 -> 0.14898394 | G7: =G6/G4 -> 0.15430647 | H7: =H6/H4 -> 0.16832858 | I7: =I6/I4 -> 0.1694828 | ... N7: =N6/N4 -> 0.15390853 | O7: =(L7-B7)/B7 -> 0.36961013
A8: Revenue GR | B8: -% | C8: =(C4-B4)/B4 -> 0.10093727 | D8: =(D4-C4)/C4 -> -0.064833006 | E8: =(E4-D4)/D4 -> -0.032212885 | F8: =(F4-E4)/E4 -> 0.027496382 | G8: =(G4-F4)/F4 -> -0.14507042 | H8: =(H4-G4)/G4 -> 0.075782537 | I8: =(I4-H4)/H4 -> -0.016079632 | J8: =(J4-I4)/I4 -> 0.21400778 | ... L8: =(L4-K4)/K4 -> 0.12703102 | M8: - | N8: =(N4-M4)/M4 -> -0.046830467 | O8: -
A9: EBIT GR | B9: -% | C9: =(C5-B5)/B5 -> 0.027027027 | D9: =(D5-C5)/C5 -> 0.14912281 | E9: =(E5-D5)/D5 -> 0.19847328 | F9: =(F5-E5)/E5 -> 0.012738853 | G9: =(G5-F5)/F5 -> -0.14465409 | H9: =(H5-G5)/G5 -> 0.23529412 | I9: =(I5-H5)/H5 -> -0.017857143 | J9: =(J5-I5)/I5 -> 0.36363636 | ... L9: =(L5-K5)/K5 -> 0.21757322 | M9: - | N9: =(N5-M5)/M5 -> -0.14330373 | O9: -
A10: Adj. EBIT GR | B10: -% | C10: =(C6-B6)/B6 -> 0.02717722 | D10: =(D6-C6)/C6 -> 0.080903446 | E10: =(E6-D6)/D6 -> 0.13888685 | F10: =(F6-E6)/E6 -> 0.025160971 | G10: =(G6-F6)/F6 -> -0.11452761 | H10: =(H6-G6)/G6 -> 0.17354086 | I10: =(I6-H6)/H6 -> -0.0093329097 | J10: =(J6-I6)/I6 -> 0.30200413 | ... L10: =(L6-K6)/K6 -> 0.22070488 | M10: - | N10: =(N6-M6)/M6 -> -0.078638566 | O10: -
A11: Milcko | O11: Total Change
A12: Year | B12: 2013 | C12: 2014 | D12: 2015 | E12: 2016 | F12: 2017 | G12: 2018 | H12: 2019 | I12: 2020 | J12: 2021 | K12: 2022 | L12: 2023 | M12: 9 Months Q3 2023 | N12: 9 Months YTD | O12: =(L12-B12)/B12 -> 0.0049677099
A13: Revenue | B13: =B4-B20 -> 130702864 | C13: =C4-C20 -> 144824899 | D13: =D4-D20 -> 135160275 | E13: =E4-E20 -> 129919210 | F13: =F4-F20 -> 133152965 | G13: =G4-G20 -> 110573003 | H13: =H4-H20 -> 115778266 | I13: =I4-I20 -> 114618037 | ... N13: =N4-N20 -> 141743267 | O13: =(L13-B13)/B13 -> 0.56030012
A14: EBIT | B14: =B5-B25 -> 10001618 | C14: =C5-C25 -> 10539396 | D14: =D5-D25 -> 12104752 | E14: =E5-E25 -> 14166978 | F14: =F5-F25 -> 14629456 | G14: =G5-G25 -> 10623703 | H14: =H5-H25 -> 10523428 | I14: =I5-I25 -> 10934024 | ... N14: =N5-N25 -> 7213205 | O14: =(L14-B14)/B14 -> 0.54701199
A15: EBIT Margin | B15: =B14/B13 -> 0.076521797 | C15: =C14/C13 -> 0.07277337 | D15: =D14/D13 -> 0.089558504 | E15: =E14/E13 -> 0.10904452 | F15: =F14/F13 -> 0.10986955 | G15: =G14/G13 -> 0.096078633 | H15: =H14/H13 -> 0.090892949 | I15: =I14/I13 -> 0.095395317 | ... N15: =N14/N13 -> 0.050889225 | O15: =(L15-B15)/B15 -> -0.0085163944
A16: Revenue GR | B16: -% | C16: =(C13-B13)/B13 -> 0.10804687 | D16: =(D13-C13)/C13 -> -0.066733166 | E16: =(E13-D13)/D13 -> -0.038776667 | F16: =(F13-E13)/E13 -> 0.024890507 | G16: =(G13-F13)/F13 -> -0.16957912 | H16: =(H13-G13)/G13 -> 0.047075352 | I16: =(I13-H13)/H13 -> -0.01002113 | J16: =(J13-I13)/I13 -> 0.19399948 | ... L16: =(L13-K13)/K13 -> 0.11435263 | M16: - | N16: =(N13-M13)/M13 -> -0.067301435 | O16: -
A17: EBIT GR | B17: -% | C17: =(C14-B14)/B14 -> 0.0537691 | D17: =(D14-C14)/C14 -> 0.14852426 | E17: =(E14-D14)/D14 -> 0.17036499 | F17: =(F14-E14)/E14 -> 0.032644788 | G17: =(G14-F14)/F14 -> -0.27381421 | H17: =(H14-G14)/G14 -> -0.0094387993 | I17: =(I14-H14)/H14 -> 0.039017324 | J17: =(J14-I14)/I14 -> 0.11920799 | ... L17: =(L14-K14)/K14 -> 0.19674872 | M17: - | N17: =(N14-M14)/M14 -> -0.37081897 | O17: -
A18: Ingles Leasing
A19: Year | B19: 2013 | C19: 2014 | D19: 2015 | E19: 2016 | F19: 2017 | G19: 2018 | H19: 2019 | I19: 2020 | J19: 2021 | K19: 2022 | L19: 2023 | M19: 9 Months Q3 2023 | N19: YTD Change | O19: Total Change | P19: 9 Months Consolidated
A20: Base Rents | B20: 7997136 | C20: 7875101 | D20: 7639725 | E20: 8280790 | F20: 8847035 | G20: 10826997 | H20: 14821734 | I20: 13881963 | J20: 19146124 | K20: 20091776 | L20: 24964305 | M20: 18195857 | N20: 20454733 | O20: =(L20-B20)/B20 -> 2.1216557 | P20: Revenue | Q20: 4242080604
A21: Variable Rents | B21: 257598 | C21: 331352 | D21: 273133 | E21: 312822 | F21: 334204 | G21: 249965 | H21: 278660 | I21: 289831 | J21: 271569 | K21: 166890 | L21: 203823 | M21: 125167 | N21: 152867 | O21: =(L21-B21)/B21 -> -0.2087555 | P21: Adj EBIT | Q21: =148587332+N23 -> 154641988
A22: Total Rents | B22: =B20+B21 -> 8254734 | C22: =C20+C21 -> 8206453 | D22: =D20+D21 -> 7912858 | E22: =E20+E21 -> 8593612 | F22: =F20+F21 -> 9181239 | G22: =G20+G21 -> 11076962 | H22: =H20+H21 -> 15100394 | I22: =I20+I21 -> 14171794 | ... N22: =N20+N21 -> 20607600 | O22: =(L22-B22)/B22 -> 2.0489326 | P22: Leasing % of Revenue | Q22: =N20/Q20 -> 0.0048218634
A23: Depreciation | B23: 5220102 | C23: 5363637 | D23: 5019873 | E23: 4936485 | F23: 5255719 | G23: 5132805 | H23: 5183712 | I23: 5278540 | J23: 5855749 | K23: 6318888 | L23: 7788344 | M23: 5022314 | N23: 6054656 | O23: =(L23-B23)/B23 -> 0.49199077 | P23: Leasing % of EBIT | Q23: =N26/Q21 -> 0.11478416
A24: Opex | B24: 1936250 | C24: 1982212 | D24: 1897737 | E24: 2124105 | F24: 2654976 | G24: 2967860 | H24: 3640110 | I24: 3327278 | J24: 3299391 | K24: 2968660 | L24: 3752407 | M24: 2691145 | N24: 2857149 | O24: =(L24-B24)/B24 -> 0.9379765
A25: EBIT | B25: 1098382 | C25: =(C20+C21)-C23-C24 -> 860604 | D25: =(D20+D21)-D23-D24 -> 995248 | E25: =(E20+E21)-E23-E24 -> 1533022 | F25: =(F20+F21)-F23-F24 -> 1270544 | G25: =(G20+G21)-G23-G24 -> 2976297 | H25: =(H20+H21)-H23-H24 -> 6276572 | I25: =(I20+I21)-I23-I24 -> 5565976 | J25: =(J20+J21)-J23-J24 -> 10262553 | ... N25: =(N20+N21)-N23-N24 -> 11695795 | O25: =(L25-B25)/B25 -> 11.406774
A26: FFO | B26: =B25+B23 -> 6318484 | C26: =C25+C23 -> 6224241 | D26: =D25+D23 -> 6015121 | E26: =E25+E23 -> 6469507 | F26: =F25+F23 -> 6526263 | G26: =G25+G23 -> 8109102 | H26: =H25+H23 -> 11460284 | I26: =I25+I23 -> 10844516 | ... N26: =N25+N23 -> 17750451 | O26: =(L26-B26)/B26 -> 2.3893765
A27: FFO Margin | B27: =B26/B20 -> 0.79009335 | C27: =C26/C20 -> 0.79036967 | D27: =D26/D20 -> 0.78734784 | E27: =E26/E20 -> 0.78126688 | F27: =F26/F20 -> 0.73767799 | G27: =G26/G20 -> 0.74897056 | H27: =H26/H20 -> 0.77320805 | I27: =I26/I20 -> 0.78119471 | ... N27: =N26/N20 -> 0.86779187 | O27: =(L27-B27)/B27 -> 0.085762435
A28: EBIT Margin Contribution | B28: =B26/B6 -> 0.38715959 | C28: =C26/C6 -> 0.37129419 | D28: =D26/D6 -> 0.33196265 | E28: =E26/E6 -> 0.3134985 | F28: =F26/F6 -> 0.30848694 | G28: =G26/G6 -> 0.43288242 | H28: =H26/H6 -> 0.52130796 | I28: =I26/I6 -> 0.49794504 | ... N28: =N26/N6 -> 0.71105174 | O28: =(N28-B28)/B28 -> 0.83658563
A29: Revenue GR | B29: -% | C29: =(C20-B20)/B20 -> -0.015259838 | D29: =(D20-C20)/C20 -> -0.029888633 | E29: =(E20-D20)/D20 -> 0.083912052 | F29: =(F20-E20)/E20 -> 0.068380553 | G29: =(G20-F20)/F20 -> 0.2237995 | H29: =(H20-G20)/G20 -> 0.36896076 | I29: =(I20-H20)/H20 -> -0.06340493 | J29: =(J20-I20)/I20 -> 0.37920869 | ... L29: =(L20-K20)/K20 -> 0.2425136 | M29: - | N29: =(N20-M20)/M20 -> 0.12414233 | O29: -
A30: FFO GR | B30: -% | C30: =(C26-B26)/B26 -> -0.014915445 | D30: =(D26-C26)/C26 -> -0.033597671 | E30: =(E26-D26)/D26 -> 0.075540625 | F30: =(F26-E26)/E26 -> 0.0087728478 | G30: =(G26-F26)/F26 -> 0.24253374 | H30: =(H26-G26)/G26 -> 0.41326179 | I30: =(I26-H26)/H26 -> -0.053730606 | J30: =(J26-I26)/I26 -> 0.48630902 | ... L30: =(L26-K26)/K26 -> 0.23861848 | M30: - | N30: =(N26-M26)/M26 -> 0.13567424 | O30: -
A31: FFO % of EBITDA | B31: =B26/'FCF Adj'!B57 -> 0.02922518 | C31: =C26/'FCF Adj'!C57 -> 0.028266308 | D31: =D26/'FCF Adj'!D57 -> 0.025073451 | E31: =E26/'FCF Adj'!E57 -> 0.027366781 | F31: =F26/'FCF Adj'!F57 -> 0.027490577 | G31: =G26/'FCF Adj'!G57 -> 0.034186771 | H31: =H26/'FCF Adj'!H57 -> 0.043959662 | I31: =I26/'FCF Adj'!I57 -> 0.027608238 | ... L31: =L26/'FCF Adj'!L57 -> 0.052813122

Sheet Ingles Leasing Valuation
A2: Ingles Leasing Valuation
A3: Year | B3: 2023 (Base) | C3: 2024 | D3: 2025 | E3: 2026 | F3: 2027 | G3: 2028 | H3: 2029 | I3: 2030 | J3: 2031 | K3: 2032 | L3: 2033
A4: Total Rents | B4: 24964305 | C4: =B4*1.12 -> 27960022 | D4: =C4*1.12 -> 31315224 | E4: =D4*1.12 -> 35073051 | F4: =E4*1.12 -> 39281817 | G4: =F4*1.12 -> 43995635 | H4: =G4*1.12 -> 49275112 | I4: =H4*1.12 -> 55188125 | J4: =I4*1.12 -> 61810700 | ... L4: =K4*1.12 -> 77535342
A5: Expenses | B5: 3752407 | C5: =C4-C7 -> 5312404.1 | D5: =D4-D7 -> 5949892.6 | E5: =E4-E7 -> 6663879.7 | F5: =F4-F7 -> 7463545.3 | G5: =G4-G7 -> 8359170.7 | H5: =H4-H7 -> 9362271.2 | I5: =I4-I7 -> 10485744 | J5: =J4-J7 -> 11744033 | ... L5: =L4-L7 -> 14731715
A6: Fed Rate | B6: 0.04 | C6: 0.04 | D6: 0.04 | E6: 0.04 | F6: 0.04 | G6: 0.04 | H6: 0.04 | I6: 0.04 | J6: 0.04 | K6: 0.04 | L6: 0.04
A7: FFO | C7: =C4*0.81 -> 22647618 | D7: =D4*0.81 -> 25365332 | E7: =E4*0.81 -> 28409171 | F7: =F4*0.81 -> 31818272 | G7: =G4*0.81 -> 35636465 | H7: =H4*0.81 -> 39912840 | I7: =I4*0.81 -> 44702381 | J7: =J4*0.81 -> 50066667 | ... L7: =L4*0.81 -> 62803627
A8: FFO Margin | B8: 0.81 | C8: 0.81 | D8: 0.81 | E8: 0.81 | F8: 0.81 | G8: 0.81 | H8: 0.81 | I8: 0.81 | J8: 0.81 | K8: 0.81 | L8: 0.81
A9: Intrinsic Value | B9: 16x EBITDA
A10: 5Y Value | B10: =G7*16 -> 5.7018343e+08
A11: 10Y Value | B11: =L7*16 -> 1004858032

Sheet Store GrowthOwnership
A1: Store Growth/Ownership
A2: Year | B2: 2005 | C2: 2006 | D2: 2007 | E2: 2008 | F2: 2009 | G2: 2010 | H2: 2011 | I2: 2012 | J2: 2013 | K2: 2014 | L2: 2015 | M2: 2016 | N2: 2017 | O2: 2018 | P2: 2019 | Q2: 2020 | R2: 2021 | S2: 2022 | T2: 2023 | U2: 2024
A3: North Carolina | B3: 63 | C3: 64 | D3: 65 | E3: 66 | F3: 68 | G3: 69 | H3: 69 | I3: 69 | J3: 70 | K3: 71 | L3: 71 | M3: 70 | N3: 70 | O3: 72 | P3: 73 | Q3: 73 | R3: 75 | S3: 75 | T3: 75
A4: South Carolina | B4: 35 | C4: 35 | D4: 36 | E4: 36 | F4: 36 | G4: 36 | H4: 36 | I4: 36 | J4: 36 | K4: 36 | L4: 36 | M4: 36 | N4: 36 | O4: 36 | P4: 36 | Q4: 35 | R4: 35 | S4: 35 | T4: 35
A5: Georgia | B5: 76 | C5: 75 | D5: 73 | E5: 72 | F5: 73 | G5: 73 | H5: 74 | I5: 74 | J5: 73 | K5: 71 | L5: 71 | M5: 71 | N5: 70 | O5: 69 | P5: 66 | Q5: 66 | R5: 65 | S5: 65 | T5: 65
A6: Tennessee | B6: 20 | C6: 20 | D6: 20 | E6: 20 | F6: 20 | G6: 21 | H6: 21 | I6: 21 | J6: 21 | K6: 21 | L6: 20 | M6: 21 | N6: 21 | O6: 21 | P6: 21 | Q6: 21 | R6: 21 | S6: 21 | T6: 21
A7: Virginia | B7: 2 | C7: 2 | D7: 2 | E7: 2 | F7: 2 | G7: 2 | H7: 2 | I7: 2 | J7: 2 | K7: 2 | L7: 2 | M7: 2 | N7: 1 | O7: 1 | P7: 1 | Q7: 1 | R7: 1 | S7: 1 | T7: 1
A8: Alabama | B8: 1 | C8: 1 | D8: 1 | E8: 1 | F8: 1 | G8: 1 | H8: 1 | I8: 1 | J8: 1 | K8: 1 | L8: 1 | M8: 1 | N8: 1 | O8: 1 | P8: 1 | Q8: 1 | R8: 1 | S8: 1 | T8: 1
A9: Total | B9: 197 | C9: =SUM(C3:C8) -> 197 | D9: =SUM(D3:D8) -> 197 | E9: =SUM(E3:E8) -> 197 | F9: =SUM(F3:F8) -> 200 | G9: =SUM(G3:G8) -> 202 | H9: =SUM(H3:H8) -> 203 | I9: =SUM(I3:I8) -> 203 | J9: =SUM(J3:J8) -> 203 | ... T9: =SUM(T3:T8) -> 198
A10: Supermarkets Owned | B10: - | C10: 80 | D10: 80 | E10: 88 | F10: 92 | G10: 93 | H10: 94 | I10: 95 | J10: 96 | K10: ND | L10: ND | M10: ND | N10: ND | O10: ND | P10: ND | Q10: ND | R10: ND | S10: ND | T10: ND
A11: % of Total | B11: - | C11: =C10/C9 -> 0.40609137 | D11: =D10/D9 -> 0.40609137 | E11: =E10/E9 -> 0.44670051 | F11: =F10/F9 -> 0.46 | G11: =G10/G9 -> 0.46039604 | H11: =H10/H9 -> 0.46305419 | I11: =I10/I9 -> 0.4679803 | J11: =J10/J9 -> 0.4729064 | K11: -% | L11: -% | M11: -% | N11: -% | O11: -% | P11: -% | Q11: -% | R11: -% | S11: -% | T11: -%
A12: Shopping Centers Owned | B12: - | C12: 74 | D12: 71 | E12: 73 | F12: 72 | G12: 70 | H12: 70 | I12: 69 | J12: 68 | K12: 69 | L12: 74 | M12: 74 | N12: 73 | O12: 77 | P12: 79 | Q12: 82 | R12: 83 | S12: 85 | T12: 93
A13: Ingles in Center | C13: 56 | D13: 55 | E13: 57 | F13: 56 | G13: 58 | H13: 58 | I13: 57 | J13: 57 | K13: ND | L13: ND | M13: ND | N13: ND | O13: ND | P13: ND | Q13: ND | R13: ND | S13: ND | T13: ND
A14: % of Total | B14: - | C14: =C13/C12 -> 0.75675676 | D14: =D13/D12 -> 0.77464789 | E14: =E13/E12 -> 0.78082192 | F14: =F13/F12 -> 0.77777778 | G14: =G13/G12 -> 0.82857143 | H14: =H13/H12 -> 0.82857143 | I14: =I13/I12 -> 0.82608696 | J14: =J13/J12 -> 0.83823529 | K14: -% | L14: -% | M14: -% | N14: -% | O14: -% | P14: -% | Q14: -% | R14: -% | S14: -% | T14: -%
A15: Ingles Locations Owned | B15: - | C15: =C10+C13 -> 136 | D15: =D10+D13 -> 135 | E15: =E10+E13 -> 145 | F15: =F10+F13 -> 148 | G15: =G10+G13 -> 151 | H15: =H10+H13 -> 152 | I15: =I10+I13 -> 152 | J15: =J10+J13 -> 153 | K15: 153 | L15: 155 | M15: 155 | N15: 156 | O15: 161 | P15: 162 | Q15: 161 | R15: 163 | S15: 164 | T15: 167
A16: Pharmacies | B16: 41 | C16: 46 | D16: 51 | E16: 62 | F16: 69 | G16: 70 | H16: 74 | I16: 81 | J16: 91 | K16: 96 | L16: 97 | M16: 99 | N16: 103 | O16: 108 | P16: 108 | Q16: 109 | R16: 111 | S16: 112 | T16: 114
A17: Fuel Stations | B17: 26 | C17: 36 | D17: 44 | E17: 55 | F17: 66 | G17: 67 | H17: 70 | I17: 72 | J17: 74 | K17: 83 | L17: 88 | M17: 93 | N17: 97 | O17: 102 | P17: 104 | Q17: 106 | R17: 107 | S17: 107 | T17: 108
A18: Shopping Center Size Breakdown
A19: <50K Sqft | B19: - | C19: 21 | D19: 20 | E19: 20 | F19: 20 | G19: 19 | H19: 19 | I19: 19 | J19: 18 | K19: 19 | L19: 20 | M19: 18 | N19: 16 | O19: 16 | P19: 15 | Q19: 15 | R19: 14 | S19: 15 | T19: 19
A20: 50-100K Sqft | B20: - | C20: 32 | D20: 30 | E20: 30 | F20: 27 | G20: 26 | H20: 25 | I20: 25 | J20: 24 | K20: 24 | L20: 26 | M20: 28 | N20: 29 | O20: 31 | P20: 34 | Q20: 35 | R20: 33 | S20: 33 | T20: 37
A21: >100K Sqft | B21: - | C21: 21 | D21: 21 | E21: 23 | F21: 25 | G21: 25 | H21: 26 | I21: 26 | J21: 26 | K21: 26 | L21: 28 | M21: 28 | N21: 28 | O21: 30 | P21: 30 | Q21: 32 | R21: 36 | S21: 37 | T21: 37

Sheet Ingles Key Market Characteristi
A1: Ingles Key Market Characteristics: Major Competitors
A2: Asheville, NC
A3: Competitor | B3: # of stores | C3: Share %
A4: Aldi | B4: 2 | C4: =B4/B13 -> 0.057142857
A5: Publix | B5: 1 | C5: =B5/B13 -> 0.028571429
A6: Trader Joe's | B6: 1 | C6: =B6/B13 -> 0.028571429
A7: Whole Foods | B7: 3 | C7: =B7/B13 -> 0.085714286
A8: Harris Teeter | B8: 1 | C8: =B8/B13 -> 0.028571429
A9: Food Lion | B9: 2 | C9: =B9/B13 -> 0.057142857
A10: The Fresh Market | B10: 2 | C10: =B10/B13 -> 0.057142857
A11: Walmart | B11: 2 | C11: =B11/B13 -> 0.057142857
A12: Ingles | B12: 21 | C12: =B12/B13 -> 0.6
A13: Total | B13: 35 | C13: 1
A14: Average | B14: =AVERAGE(B4:B11) -> 1.75 | C14: =AVERAGE(C4:C11) -> 0.05
A15: Hendersonville, NC
A16: Competitor | B16: # of stores | C16: Share %
A17: Aldi | B17: 1 | C17: =B17/$B$22 -> 0.090909091
A18: The Fresh Market | B18: 1 | C18: =B18/$B$22 -> 0.090909091
A19: Harris Teeter | B19: 1 | C19: =B19/$B$22 -> 0.090909091
A20: Publix | B20: 1 | C20: =B20/$B$22 -> 0.090909091
A21: Ingles | B21: 7 | C21: =B21/$B$22 -> 0.63636364
A22: Total | B22: 11 | C22: =B22/$B$22 -> 1
A23: Spartanburg, SC | B23: # of stores | C23: Share %
A24: Lidl | B24: 2 | C24: =B24/$B$32 -> 0.1
A25: Food Lion | B25: 2 | C25: =B25/$B$32 -> 0.1
A26: Walmart | B26: 3 | C26: =B26/$B$32 -> 0.15
A27: Publix | B27: 1 | C27: =B27/$B$32 -> 0.05
A28: The Fresh Market | B28: 1 | C28: =B28/$B$32 -> 0.05
A29: Aldi | B29: 2 | C29: =B29/$B$32 -> 0.1
A30: Target Grocery | B30: 1 | C30: =B30/$B$32 -> 0.05
A31: Ingles | B31: 8 | C31: =B31/$B$32 -> 0.4
A32: Total | B32: =SUM(B24:B31) -> 20 | C32: =B32/$B$32 -> 1
A33: Shelby, NC | B33: # of stores | C33: Share %
A34: DG Market | B34: 1 | C34: =B34/$B$39 -> 0.090909091
A35: Food Lion | B35: 2 | C35: =B35/$B$39 -> 0.18181818
A36: Aldi | B36: 1 | C36: =B36/$B$39 -> 0.090909091
A37: Walmart | B37: 1 | C37: =B37/$B$39 -> 0.090909091
A38: Ingles | B38: 6 | C38: =B38/$B$39 -> 0.54545455
A39: Total | B39: =SUM(B34:B38) -> 11 | C39: =B39/$B$39 -> 1
A40: Griffin, GA | B40: # of stores | C40: Share %
A41: Kroger | B41: 1 | C41: =B41/$B$45 -> 0.25
A42: Aldi | B42: 1 | C42: =B42/$B$45 -> 0.25
A43: Food Depot | B43: 1 | C43: =B43/$B$45 -> 0.25
A44: Ingles | B44: 1 | C44: =B44/$B$45 -> 0.25
A45: Total | B45: =SUM(B41:B44) -> 4 | C45: =B45/$B$45 -> 1
A46: Average | B46: 1 | C46: 0.25
A47: Louisville, GA
A48: IGA | B48: 1 | C48: 0.5
A49: Ingles | B49: 1 | C49: 0.5
A50: Total | B50: 2 | C50: 1
A51: Arden, NC | B51: # of stores | C51: Share %
A52: Aldi | B52: 1 | C52: =B52/$B$58 -> 0.090909091
A53: Walmart | B53: 2 | C53: =B53/$B$58 -> 0.18181818
A54: Target Grocery | B54: 1 | C54: =B54/$B$58 -> 0.090909091
A55: Whole Foods | B55: 1 | C55: =B55/$B$58 -> 0.090909091
A56: The Fresh Market | B56: 1 | C56: =B56/$B$58 -> 0.090909091
A57: Ingles | B57: 5 | C57: =B57/$B$58 -> 0.45454545
A58: Total | B58: =SUM(B52:B57) -> 11 | C58: =B58/$B$58 -> 1
A59: Waynesville, NC | B59: # of stores | C59: Share %
A60: Food Lion | B60: 2 | C60: =B60/$B$64 -> 0.28571429
A61: Publix | B61: 1 | C61: =B61/$B$64 -> 0.14285714
A62: Grocery Outlet | B62: 1 | C62: =B62/$B$64 -> 0.14285714
A63: Ingles | B63: 3 | C63: =B63/$B$64 -> 0.42857143
A64: Total | B64: =SUM(B60:B63) -> 7 | C64: =B64/$B$64 -> 1
A65: Average | B65: =AVERAGE(B60:B63) -> 1.75 | C65: =AVERAGE(C60:C62) -> 0.19047619
A66: West Jefferson, NC | B66: # of stores | C66: Share %
A67: Ingles | B67: 1 | C67: 0.3333
A68: Walmart | B68: 1 | C68: 0.3333
A69: Food Lion | B69: 1 | C69: 0.3333
A70: Total | B70: 3 | C70: 1
A71: Statesville, NC | B71: # of stores | C71: Share %
A72: Ingles | B72: 1 | C72: =B72/$B$77 -> 0.11111111
A73: Food Lion | B73: 5 | C73: =B73/$B$77 -> 0.55555556
A74: Walmart | B74: 1 | C74: =B74/$B$77 -> 0.11111111
A75: Aldi | B75: 1 | C75: =B75/$B$77 -> 0.11111111
A76: Publix | B76: 1 | C76: =B76/$B$77 -> 0.11111111
A77: Total | B77: =SUM(B72:B76) -> 9 | C77: =B77/$B$77 -> 1
A78: Gastonia, NC | B78: # of stores | C78: Share %
A79: Ingles | B79: 2 | C79: =B79/$B$87 -> 0.10526316
A80: Food Lion | B80: 8 | C80: =B80/$B$87 -> 0.42105263
A81: Wow Supermarket | B81: 1 | C81: =B81/$B$87 -> 0.052631579
A82: Walmart | B82: 3 | C82: =B82/$B$87 -> 0.15789474
A83: Lidl | B83: 1 | C83: =B83/$B$87 -> 0.052631579
A84: Aldi | B84: 2 | C84: =B84/$B$87 -> 0.10526316
A85: Harris Teeter | B85: 1 | C85: =B85/$B$87 -> 0.052631579
A86: Publix | B86: 1 | C86: =B86/$B$87 -> 0.052631579
A87: Total | B87: =SUM(B79:B86) -> 19 | C87: =B87/$B$87 -> 1
A88: Lincolnton, NC | B88: # of stores | C88: Share %
A89: Ingles | B89: 1 | C89: =B89/$B$92 -> 0.25
A90: Food Lion | B90: 2 | C90: =B90/$B$92 -> 0.5
A91: Aldi | B91: 1 | C91: =B91/$B$92 -> 0.25
A92: Total | B92: =SUM(B89:B91) -> 4 | C92: =B92/$B$92 -> 1
A93: Baton, NC | B93: # of stores | C93: Share %
A94: Ingles | B94: 1 | C94: 1 | D94: 4926
A95: Boone, NC | B95: # of stores | C95: Share %
A96: Ingles | B96: 1 | C96: =B96/$B$103 -> 0.125
A97: Earth Fare | B97: 1 | C97: =B97/$B$103 -> 0.125
A98: Lowes Foods | B98: 1 | C98: =B98/$B$103 -> 0.125
A99: Harris Teeter | B99: 1 | C99: =B99/$B$103 -> 0.125
A100: Publix | B100: 1 | C100: =B100/$B$103 -> 0.125
...

Sheet Peer Economics
A1: Comp Economics
A2: Company | B2: LTM ROE | C2: 3yr ROE | D2: 5yr ROE | E2: 10yr ROE | F2: LTM NPM | G2: 3yr NPM | H2: 5yr NPM | I2: 10yr NPM | J2: LTM EBITM | K2: 3yr EBITM | L2: 5yr EBITM | M2: 10yr EBITM | N2: LTM EBIT/Interest Exp | O2: 3yr EBIT/Interest Exp | P2: 5yr EBIT/Interest Exp | Q2: 10yr EBIT/Interest Exp | R2: LTM D/E | S2: 3yr D/E | T2: 5yr D/E | U2: 10yr D/E | V2: Shares v 5Y | W2: Shares v 10Y | X2: Inside Ownership | Y2: OTC
A3: Albertsons | B3: 58.9 | C3: 51.5 | D3: 42.44 | E3: - | F3: 1.6 | G3: 1.93 | H3: 1.54 | I3: - | J3: 3 | K3: 3.2 | L3: 2.78 | M3: - | N3: 4.7 | O3: 5.06 | P3: 3.96 | Q3: - | R3: 518.3 | S3: 582.57 | T3: 578.24 | U3: - | V3: 0.07 | W3: - | X3: 3.8 | Y3: 2.74
A4: Kroger | B4: 18.6 | C4: 20.27 | D4: 21.56 | E4: 27.2 | F4: 1.4 | G4: 1.37 | H4: 1.5 | I4: 1.68 | J4: 3.2 | K4: 3.03 | L4: 2.74 | M4: 2.71 | N4: 11.9 | O4: 8.77 | P4: 7.3 | Q4: 6.55 | R4: 155.4 | S4: 196.53 | T4: 210.5 | U4: 207.45 | V4: -9.84 | W4: -26.91 | X4: 0.8 | Y4: 13.06
A5: Sprouts | B5: 26.2 | C5: 25.37 | D5: 28.2 | E5: 24.22 | F5: 4.2 | G5: 3.97 | H5: 3.8 | I5: 3.57 | J5: 5.8 | K5: 5.67 | L5: 5.4 | M5: 5.49 | N5: 78.3 | O5: 43.03 | P5: 33.22 | Q5: 22.08 | R5: 140.6 | S5: 149.83 | T5: 183.3 | U5: 124.11 | V5: -14.25 | W5: -33.47 | X5: 0.47 | Y5: 1.63
A6: Grocery Outlet Holding | B6: 5.5 | C6: 6.47 | D6: 7.04 | E6: - | F6: 1.6 | G6: 1.93 | H6: 1.96 | I6: - | J6: 2.3 | K6: 2.93 | L6: 2.98 | M6: - | N6: 4.2 | O6: 4.97 | P6: 4.24 | Q6: 0 | R6: 114.2 | S6: 129 | T6: 140.96 | U6: - | V6: 22.85 | W6: 47.2 | X6: 3.79 | Y6: 9.77
A7: Weis Markets | B7: 7.5 | C7: 8.97 | D7: 8.84 | E7: 8.38 | F7: 2.1 | G7: 2.5 | H7: 2.46 | I7: 2.38 | J7: 2.8 | K7: 3.23 | L7: 3.22 | M7: 3 | N7: NM | O7: NM | P7: NM | Q7: NM | R7: 12.6 | S7: 14.7 | T7: 16.6 | U7: 9.35 | V7: 0 | W7: 0 | X7: 39.4 | Y7: 73.93
A8: Natural Grocers | B8: 17.8 | C8: 13.83 | D8: 11.96 | E8: 11.34 | F8: 2.4 | G8: 1.97 | H8: 1.76 | I8: 1.8 | J8: 3.3 | K8: 2.9 | L8: 2.66 | M8: 2.91 | N8: 10.6 | O8: 12.3 | P8: 10.84 | Q8: 8.73 | R8: 229.6 | S8: 250.17 | T8: 203.76 | U8: 119.49 | V8: 1.73 | W8: 2.05 | X8: 39.48 | Y8: 132.2
A9: Village Super Market | B9: 12.1 | C9: 8.7 | D9: 8.4 | E9: 8.29 | F9: 2.3 | G9: 1.53 | H9: 1.52 | I9: 2.8 | J9: 3 | K9: 2.17 | L9: 2.06 | M9: 2.23 | N9: 14.7 | O9: 11.1 | P9: 10.56 | Q9: 9.7 | R9: 85.6 | S9: 107.1 | T9: 92.8 | U9: 54.94 | V9: 2.21 | W9: 4.82 | X9: 36.68 | Y9: 18.14
A10: Average | B10: =AVERAGE(B3:B9) -> 20.942857 | C10: =AVERAGE(C3:C9) -> 19.301429 | D10: =AVERAGE(D3:D9) -> 18.348571 | E10: =AVERAGE(E3:E9) -> 15.886 | F10: =AVERAGE(F3:F9) -> 2.2285714 | G10: =AVERAGE(G3:G9) -> 2.1714286 | H10: =AVERAGE(H3:H9) -> 2.0771429 | I10: =AVERAGE(I3:I9) -> 2.446 | ... Y10: =AVERAGE(Y3:Y9) -> 35.924286
A11: Ingles Markets | B11: 12.2 | C11: 22.5 | D11: 20.92 | E11: 17.29 | F11: 3 | G11: 4.47 | H11: 3.84 | I11: 2.72 | J11: 4 | K11: 6.1 | L11: 5.56 | M11: 4.42 | N11: 10.3 | O11: 14.87 | P11: 10.9 | Q11: 6.81 | R11: 38.2 | S11: 51.23 | T11: 72.44 | U11: 131.73 | V11: -6.25 | W11: -16.01 | X11: 22.22 | Y11: 39.63
A12: Difference | B12: =(B11-B10)/B10 -> -0.41746248 | C12: =(C11-C10)/C10 -> 0.16571682 | D12: =(D11-D10)/D10 -> 0.14014326 | E12: =(E11-E10)/E10 -> 0.088379705 | F12: =(F11-F10)/F10 -> 0.34615385 | G12: =(G11-G10)/G10 -> 1.0585526 | H12: =(H11-H10)/H10 -> 0.84869326 | I12: =(I11-I10)/I10 -> 0.11201962 | ... Y12: =(Y11-Y10)/Y10 -> 0.10315346
A13: Average Ex Albertsons | B13: 14.62 | E13: NPM 5 v 3y Chg | F13: Ingles | G13: =(G11-H11)/H11 -> 0.1640625
A14: Difference | B14: =(B11-B13)/B13 -> -0.16552668 | F14: Albertsons | G14: =(G3-H3)/G3 -> 0.20207254
F15: Kroger | G15: =(G4-H4)/G4 -> -0.094890511
F16: Sprouts | G16: =(G5-H5)/G5 -> 0.042821159
F17: Grocery Outlet | G17: =(G6-H6)/G6 -> -0.015544041
F18: Weis Markets | G18: =(G7-H7)/G7 -> 0.016
F19: Natural Grocers | G19: =(G8-H8)/G8 -> 0.10659898
F20: Village Super Market | G20: =(G9-H9)/G9 -> 0.0065359477
F21: Publix | G21: -5.13
F22: Walmart | G22: -0.063
B29: 2013 | C29: 2014 | D29: 2015 | G29: 2018 | H29: 2019 | I29: 2020 | J29: 2021 | K29: 2022 | L29: 2023 | M29: LTM
A30: Ingles | B30: 3738.5 | C30: 3836 | D30: 3778.6 | E30: 3795 | F30: 4002.7 | G30: 4092.8 | H30: 4202 | I30: 4610.6 | J30: 4987.9 | K30: 5678.8 | L30: 5892.8 | M30: 5827.1 | N30: =(M30-F30)/F30 -> 0.45579234
C31: =(C30-B30)/B30 -> 0.026079979 | D31: =(D30-C30)/C30 -> -0.014963504 | E31: =(E30-D30)/D30 -> 0.0043402318 | F31: =(F30-E30)/E30 -> 0.054729908 | G31: =(G30-F30)/F30 -> 0.022509806 | H31: =(H30-G30)/G30 -> 0.026681001 | I31: =(I30-H30)/H30 -> 0.09723941 | J31: =(J30-I30)/I30 -> 0.081833167 | ... M31: =(M30-L30)/L30 -> -0.011149199
C32: 1.0261 | D32: 1.0111 | E32: =D32+E31 -> 1.0154402 | F32: 1.071 | G32: =1*1.0225 -> 1.0225 | H32: =G32*1.0267 -> 1.0498007 | I32: =H32*1.0972 -> 1.1518414 | J32: =I32*1.0818 -> 1.246062 | K32: =J32*1.1385 -> 1.4186416 | L32: =K32*1.0377 -> 1.4721244 | M32: =L32*0.989 -> 1.455931
A33: Walmart | B33: 468651 | C33: 476294 | D33: 485651 | E33: 482130 | F33: 485873 | G33: 500343 | H33: 514405 | I33: 523964 | J33: 559151 | K33: 572754 | L33: 611289 | M33: 648125 | N33: =(M33-F33)/F33 -> 0.33393912
C34: =(C33-B33)/B33 -> 0.016308511 | D34: =(D33-C33)/C33 -> 0.019645429 | E34: =(E33-D33)/D33 -> -0.0072500623 | F34: =(F33-E33)/E33 -> 0.0077634663 | G34: =(G33-F33)/F33 -> 0.029781445 | H34: =(H33-G33)/G33 -> 0.02810472 | I34: =(I33-H33)/H33 -> 0.018582634 | J34: =(J33-I33)/I33 -> 0.067155377 | ... M34: =(M33-L33)/L33 -> 0.06025955
C35: =1*1.0163 -> 1.0163 | D35: =C35*1.0196 -> 1.0362195 | E35: =D35*0.9927 -> 1.0286551 | F35: =E35*0.9922 -> 1.0206316 | G35: =1*1.0298 -> 1.0298 | H35: =G35*1.0281 -> 1.0587374 | I35: =H35*1.0186 -> 1.0784299 | J35: =I35*1.0672 -> 1.1509004 | K35: =J35*1.0243 -> 1.1788673 | L35: =K35*1.0673 -> 1.258205 | M35: =L35*1.0603 -> 1.3340748
A36: Kroger | B36: 98375 | C36: 108465 | D36: 109830 | E36: 115337 | F36: 123280 | G36: 121852 | H36: 122286 | I36: 132498 | J36: 137888 | K36: 148258 | L36: 150039 | M36: 150143 | N36: =(M36-F36)/F36 -> 0.21790234
C37: =(C36-B36)/B36 -> 0.10256671 | D37: =(D36-C36)/C36 -> 0.012584705 | E37: =(E36-D36)/D36 -> 0.050141127 | F37: =(F36-E36)/E36 -> 0.068867753 | G37: =(G36-F36)/F36 -> -0.011583387 | H37: =(H36-G36)/G36 -> 0.0035616978 | I37: =(I36-H36)/H36 -> 0.083509151 | J37: =(J36-I36)/I36 -> 0.040679859 | ... M37: =(M36-L36)/L36 -> 0.00069315311
C38: =1*1.1026 -> 1.1026 | D38: =C38*1.0126 -> 1.1164928 | E38: =D38*1.0501 -> 1.172429 | F38: =E38*1.0689 -> 1.2532094 | G38: =1*0.9884 -> 0.9884 | H38: =G38*1.0036 -> 0.99195824 | I38: =H38*1.0835 -> 1.0747868 | J38: =I38*1.0407 -> 1.1185306 | K38: =J38*1.0752 -> 1.2026441 | L38: =K38*1.012 -> 1.2170758 | M38: =L38*1.007 -> 1.2255953

Sheet Comp Grocery Prices
A1: Comp Grocery Prices, Asheville, NC
A2: Ingles | B2: Price | C2: Notes
A3: 0.5 gal. LL unsweetened almond milk | B3: 2.48 | C3: Almond Breeze
A4: 1 Loaf of bread, whole-grain | B4: 3.47
A5: 1 dozen LL eggs, free range | B5: 2.98 | C5: Cheapest price
A6: Price of ground beef/lb 85/15 | B6: 5.98
A7: 1 head of iceburg lettuce | B7: 1.98
A8: Corn tortillas, 30 count | B8: 2.38
A9: Refried beans Old El Paso | B9: 2.08
A10: Salsa | B10: 3.98
A11: Tortilla chips | B11: 2.99 | C11: 12 oz fresh tortilla chips!
A12: Red bell pepper ea | B12: 2.5
A13: Zucchini ea | B13: 0.62
A14: Cucumber ea | B14: 0.98
A15: Feta cheese 4 or 5 oz | B15: 2.98
A16: Total | B16: =SUM(B3:B15) -> 35.4
A17: Harris Teeter | B17: Price | C17: Notes
A18: 0.5 gal. unsweetened almond milk | B18: 3.99 | C18: Almond Breeze
A19: 1 Loaf of bread, whole-grain | B19: 4.29
A20: 1 dozen eggs, free range | B20: 4.99
A21: Price of ground beef/lb 85/15 | B21: 6.99
A22: 1 head of iceburg lettuce | B22: 1.49
A23: Corn tortillas, 30 count | B23: 1.99
A24: Refried beans Old El Paso | B24: 2.39
A25: Salsa | B25: 3.49
A26: Tortilla chips | B26: 4.29
A27: Red bell pepper ea | B27: 1.67
A28: Zucchini ea | B28: 0.85
A29: Cucumber ea | B29: 0.67
A30: Feta cheese 4 or 5 oz | B30: 5.99
A31: Total | B31: =SUM(B18:B30) -> 43.09
A32: Aldi | B32: Price | C32: Notes
A33: 0.5 gal. unsweetened almond milk | B33: 2.59 | C33: No Almond Breeze/Silk
A34: 1 Loaf of bread, whole-grain | B34: 2.75
A35: 1 dozen eggs, free range | B35: 3.55
A36: Price of ground beef/lb 85/15 | B36: 5.85
A37: 1 head of iceburg lettuce | B37: 2.09
A38: Corn tortillas, 30 count | B38: 2.15
A39: Refried beans Old El Paso | B39: 1.09 | C39: (No Old El Paso)
A40: Salsa | B40: 2.19 | C40: (No Tostitos)
A41: Tortilla chips | B41: 2.29 | C41: 8.25 Simply Nature, blue corn organic: Not cheaper - $3.43 if 12 oz
A42: Red bell pepper | B42: 0.86
A43: Zucchini | B43: 2.18
A44: Cucumber | B44: 0.65
A45: Feta cheese 4 or 5 oz | B45: 2.09
A46: Total | B46: =SUM(B33:B45) -> 30.33 | C46: $31.86 Adjusted
A47: Publix | B47: Price | C47: Notes
A48: 0.5 gal. unsweetened almond milk | B48: N/A | C48: Can't order online
A49: 1 Loaf of bread, whole-grain | B49: N/A | C49: Can't order online
A50: 1 dozen eggs, free range | B50: N/A | C50: Can't order online
A51: Price of ground beef/lb 85/15 | B51: N/A | C51: Can't order online
A52: 1 head of iceburg lettuce | B52: N/A | C52: Can't order online
A53: Corn tortillas, 30 count | B53: N/A | C53: Can't order online
A54: Refried beans Old El Paso | B54: N/A | C54: Can't order online
A55: Salsa | B55: N/A | C55: Can't order online
A56: Tortilla chips | B56: N/A | C56: Can't order online
A57: Red bell pepper ea | B57: N/A | C57: Can't order online
A58: Zucchini ea | B58: N/A | C58: Can't order online
... A60: Feta cheese 4 or 5 oz | B60: N/A | C60: Can't order online
A61: Total | B61: N/A
A62: Walmart | B62: Price | C62: Notes
A63: 0.5 gal. unsweetened almond milk | B63: 2.98
A64: 1 Loaf of bread, whole-grain | B64: 2.57
A65: 1 dozen eggs, free range | B65: 5.98 | C65: Yikes!
A66: Price of ground beef/lb 85/15 | B66: 5.92
A67: 1 head of iceburg lettuce | B67: 1.88
A68: Corn tortillas, 30 count | B68: 2.24
A69: Refried beans Old El Paso | B69: 1.88
A70: Tostitos salsa | B70: 3.98
A71: Tortilla chips | B71: 3.88
A72: Red bell pepper ea | B72: 1.48
A73: Zucchini ea | B73: 0.93
A74: Cucumber ea | B74: 0.64
A75: Feta cheese 4 or 5 oz | B75: 2.88
A76: Total | B76: =SUM(B63:B75) -> 37.24

Sheet Comp Multiples
A1: Comp Multiples LTM
A2: Company | B2: TEV/S | C2: TEV/EBITDA | D2: TEV/EBIT | E2: TEV/EPS | F2: P/B | G2: P/TB | H2: EV | I2: Anayst Coverage
A3: Albertsons | B3: 0.32 | C3: 5.06 | D3: 10.87 | E3: 8.91 | F3: 4.17 | G3: NM | H3: 25545.5 | I3: 33
A4: Kroger | B4: 0.35 | C4: 5.9 | D4: 10.84 | E4: 17.22 | F4: 2.94 | G4: 4.11 | H4: 52943.7 | I4: 43
A5: Sprouts | B5: 1.4 | C5: 11.52 | D5: 23.95 | E5: 28.87 | F5: 6.93 | G5: 13.51 | H5: 9787.4 | I5: 33
A6: Grocery Outlet | B6: 0.87 | C6: 9.77 | D6: 37.76 | E6: 34.3 | F6: 1.8 | G6: 5.56 | H6: 3533.7 | I6: 26
A7: Weis Markets | B7: 0.31 | C7: 4.87 | D7: 11.04 | E7: 16.6 | F7: 1.21 | G7: 1.28 | H7: 1464.7 | I7: 13
A8: Natural Grocers | B8: 0.71 | C8: 6.33 | D8: 21.28 | E8: 17.17 | F8: 3.06 | G8: 3.35 | H8: 841.4 | I8: 11
A9: Village Super Market | B9: 0.29 | C9: 4.18 | D9: 10.47 | E9: 7.78 | F9: 0.89 | G9: 0.94 | H9: 647.3 | I9: 11
A10: Average | B10: =AVERAGE(B3:B9) -> 0.60714286 | C10: =AVERAGE(C3:C9) -> 6.8042857 | D10: =AVERAGE(D3:D9) -> 18.03 | E10: =AVERAGE(E3:E9) -> 18.692857 | F10: =AVERAGE(F3:F9) -> 3 | G10: =AVERAGE(G3:G9) -> 4.7916667 | H10: =AVERAGE(H3:H9) -> 13537.671 | I10: =AVERAGE(I3:I9) -> 24.285714
A11: Ingles Markets | B11: 0.27 | C11: 4.39 | D11: 6.76 | E11: 7.38 | F11: 0.85 | G11: 0.85 | H11: 1582.5 | I11: 15
A12: Difference | B12: =(B10-B11)/B11 -> 1.2486772 | C12: =(C10-C11)/C11 -> 0.54995119 | D12: =(D10-D11)/D11 -> 1.6671598 | E12: =(E10-E11)/E11 -> 1.5329075 | F12: =(F10-F11)/F11 -> 2.5294118 | G12: =(G10-G11)/G11 -> 4.6372549 | H12: =(H10-H11)/H11 -> 7.5546107 | I12: =(I10-I11)/I11 -> 0.61904762

Sheet PropertyLand Ownership Comps
A1: Land Ownership % of Total Stores
A2: Company | B2: Land | C2: Owned Stores | D2: Notes
A3: Albertsons | B3: 0 | C3: 0.39 | D3: Owned OR ground-lease
A4: Kroger | B4: 0 | C4: 0.5 | D4: "We operate in leased facilities in approximately half of our store locations"
A5: Sprouts | B5: 0 | C5: 0
A6: Grocery Outlet | B6: 0 | C6: 0.21
A7: Weis Markets | B7: 0 | C7: 0.5126
A8: Natural Grocers | B8: 0 | C8: 0.0788
A9: Village Super Market | B9: 0 | C9: 0.2105
A10: Ingles Markets | B10: 3631.6 | C10: 0.8434
A11: Avg Ownership Ex Ingles | B11: =0 -> 0 | C11: =AVERAGE(C3:C9) -> 0.2717
B12: Difference | C12: =(C10-C11)/C11 -> 2.104159
